Workbook

Sheet Summary
C2: JFK FYI production budgets
C4: Four paid production plans per episode. 2026 USD. Planning estimates before incentives.
C7: Episode | D7: Title | E7: Micro | F7: Ultra-low | G7: Low | H7: Production company
C8: 1 | D8: The Enemies | E8: ='E01 Budget'!I91 -> 707773 | F8: ='E01 Budget'!I178 -> 1743570 | G8: ='E01 Budget'!I265 -> 4030634 | H8: ='E01 Budget'!I352 -> 10443150
C9: 2 | D9: The Plots | E9: ='E02 Budget'!I91 -> 520591 | F9: ='E02 Budget'!I178 -> 1286811 | G9: ='E02 Budget'!I265 -> 3021580 | H9: ='E02 Budget'!I352 -> 7525760
C10: 3 | D10: The Frame | E10: ='E03 Budget'!I91 -> 826250 | F10: ='E03 Budget'!I178 -> 2032376 | G10: ='E03 Budget'!I265 -> 4790069 | H10: ='E03 Budget'!I352 -> 12655476
D11: SERIES TOTAL | E11: =SUM(E8:E10) -> 2054614 | F11: =SUM(F8:F10) -> 5062757 | G11: =SUM(G8:G10) -> 11842283 | H11: =SUM(H8:H10) -> 30624386
D13: Planning range low | E13: =E11*(1-'Plan and Rates'!E36) -> 1540960.5 | F13: =F11*(1-'Plan and Rates'!F36) -> 3797067.8 | G13: =G11*(1-'Plan and Rates'!G36) -> 8881712.2 | H13: =H11*(1-'Plan and Rates'!H36) -> 22968290
D14: Planning range high | E14: =E11*(1+'Plan and Rates'!E36) -> 2568267.5 | F14: =F11*(1+'Plan and Rates'!F36) -> 6328446.2 | G14: =G11*(1+'Plan and Rates'!G36) -> 14802854 | H14: =H11*(1+'Plan and Rates'!H36) -> 38280482
C16: Ranges are ±25% uncertainty, not quotations or an additional contingency charge.
C19: Episode | D19: Scheduled shoot days | E19: Micro | F19: Ultra-low | G19: Low | H19: Production company
C20: 1 | D20: The Enemies | E20: ='Plan and Rates'!E7 -> 16 | F20: ='Plan and Rates'!F7 -> 20 | G20: ='Plan and Rates'!G7 -> 24 | H20: ='Plan and Rates'!H7 -> 30
C21: 2 | D21: The Plots | E21: ='Plan and Rates'!I7 -> 13 | F21: ='Plan and Rates'!J7 -> 16 | G21: ='Plan and Rates'!K7 -> 20 | H21: ='Plan and Rates'!L7 -> 24
C22: 3 | D22: The Frame | E22: ='Plan and Rates'!M7 -> 18 | F22: ='Plan and Rates'!N7 -> 22 | G22: ='Plan and Rates'!O7 -> 26 | H22: ='Plan and Rates'!P7 -> 34
C25: Episode | D25: Paid props, before tax | E25: Micro | F25: Ultra-low | G25: Low | H25: Production company
C26: 1 | D26: The Enemies | E26: =SUMIFS(Props!L7:L59,Props!C7:C59,1) -> 15376 | F26: =SUMIFS(Props!M7:M59,Props!C7:C59,1) -> 27380 | G26: =SUMIFS(Props!N7:N59,Props!C7:C59,1) -> 49160 | H26: =SUMIFS(Props!O7:O59,Props!C7:C59,1) -> 91520
C27: 2 | D27: The Plots | E27: =SUMIFS(Props!L7:L59,Props!C7:C59,2) -> 13400 | F27: =SUMIFS(Props!M7:M59,Props!C7:C59,2) -> 25110 | G27: =SUMIFS(Props!N7:N59,Props!C7:C59,2) -> 46300 | H27: =SUMIFS(Props!O7:O59,Props!C7:C59,2) -> 86200
C28: 3 | D28: The Frame | E28: =SUMIFS(Props!L7:L59,Props!C7:C59,3) -> 20120 | F28: =SUMIFS(Props!M7:M59,Props!C7:C59,3) -> 38160 | G28: =SUMIFS(Props!N7:N59,Props!C7:C59,3) -> 73450 | H28: =SUMIFS(Props!O7:O59,Props!C7:C59,3) -> 139400
C31: Episode | D31: Script scope | E31: Scene headings | F31: Speaking labels
C32: 1 | D32: The Enemies | E32: 121 | F32: 69
C33: 2 | D33: The Plots | E33: 110 | F33: 58
C34: 3 | D34: The Frame | E34: 139 | F34: 80
C36: Speaking labels are normalized script cues, not contracted cast headcount. Runtime and final shooting schedule are not locked.
C39: Micro / Ultra-low: economical coverage, cleared archive and set reuse. Full staged action needs the larger plans.
C41: Shared setup is already allocated in totals. Props are fully itemized. Payroll fringes, insurance and contingency are included.
C43: Exact guild terms, archive rights and traffic-control quotes can materially change these estimates. See Plan and Rates.

Sheet Plan and Rates
C2: Production assumptions
C6: Driver | D6: Unit | E6: E1 Micro | F6: E1 Ultra-low | G6: E1 Low | H6: E1 Production company | I6: E2 Micro | J6: E2 Ultra-low | K6: E2 Low | L6: E2 Production company | M6: E3 Micro | N6: E3 Ultra-low | O6: E3 Low | P6: E3 Production company
C7: Shoot days | D7: days | E7: 16 | F7: 20 | G7: 24 | H7: 30 | I7: 13 | J7: 16 | K7: 20 | L7: 24 | M7: 18 | N7: 22 | O7: 26 | P7: 34
C8: Prep days | D8: days | E8: 8 | F8: 12 | G8: 17 | H8: 24 | I8: 6 | J8: 9 | K8: 13 | L8: 18 | M8: 9 | N8: 14 | O8: 19 | P8: 28
C9: Wrap days | D9: days | E9: 2 | F9: 3 | G9: 4 | H9: 5 | I9: 2 | J9: 3 | K9: 4 | L9: 5 | M9: 3 | N9: 4 | O9: 5 | P9: 6
C10: Principal performer days | D10: person-days | E10: 105 | F10: 135 | G10: 170 | H10: 220 | I10: 90 | J10: 115 | K10: 145 | L10: 180 | M10: 130 | N10: 165 | O10: 210 | P10: 275
C11: Voice recording sessions | D11: sessions | E11: 5 | F11: 7 | G11: 9 | H11: 12 | I11: 5 | J11: 6 | K11: 8 | L11: 10 | M11: 7 | N11: 9 | O11: 12 | P11: 16
C12: Background performer days | D12: person-days | E12: 220 | F12: 360 | G12: 650 | H12: 1400 | I12: 90 | J12: 180 | K12: 350 | L12: 700 | M12: 240 | N12: 450 | O12: 900 | P12: 2000
C13: Stunt performer days | D13: person-days | E13: 10 | F13: 18 | G13: 28 | H13: 50 | I13: 3 | J13: 6 | K13: 10 | L13: 16 | M13: 8 | N13: 14 | O13: 24 | P13: 40
C14: Specialist safety days | D14: days | E14: 6 | F14: 10 | G14: 16 | H14: 22 | I14: 3 | J14: 5 | K14: 7 | L14: 10 | M14: 7 | N14: 10 | O14: 16 | P14: 22
C15: Child-welfare teacher days | D15: person-days | E15: 9 | F15: 13 | G15: 18 | H15: 26 | I15: 3 | J15: 4 | K15: 6 | L15: 8 | M15: 4 | N15: 6 | O15: 8 | P15: 12
C16: Principal rate, 10-hour allowance | D16: USD/day | E16: 350 | F16: 650 | G16: 1100 | H16: 2000 | I16: 350 | J16: 650 | K16: 1100 | L16: 2000 | M16: 350 | N16: 650 | O16: 1100 | P16: 2000
C17: Voice session rate | D17: USD/session | E17: 350 | F17: 600 | G17: 1000 | H17: 1500 | I17: 350 | J17: 600 | K17: 1000 | L17: 1500 | M17: 350 | N17: 600 | O17: 1000 | P17: 1500
C18: Background rate, 10-hour allowance | D18: USD/day | E18: 180 | F18: 225 | G18: 275 | H18: 350 | I18: 180 | J18: 225 | K18: 275 | L18: 350 | M18: 180 | N18: 225 | O18: 275 | P18: 350
... C36: Estimate uncertainty | D36: percent | E36: 0.25 | F36: 0.25 | G36: 0.25 | H36: 0.25 | I36: 0.25 | J36: 0.25 | K36: 0.25 | L36: 0.25 | M36: 0.25 | N36: 0.25 | O36: 0.25 | P36: 0.25
C40: Shared series setup, allocated once
C41: Shared cost | D41: Unit | E41: Micro | F41: Ultra-low | G41: Low | H41: Production company
C42: Reusable White House / CIA / hearing sets | D42: USD | E42: 40000 | F42: 100000 | G42: 230000 | H42: 500000
C43: Narrator study and reusable graphics | D43: USD | E43: 8000 | F43: 18000 | G43: 35000 | H43: 60000
C44: Recurring wardrobe / continuity preparation | D44: USD | E44: 6000 | F44: 14000 | G44: 28000 | H44: 50000
C45: Total shared setup | D45: USD | E45: =SUM(E42:E44) -> 54000 | F45: =SUM(F42:F44) -> 132000 | G45: =SUM(G42:G44) -> 293000 | H45: =SUM(H42:H44) -> 610000
C47: E01 allocation | D47: percent | E47: 0.4 | F47: 0.4 | G47: 0.4 | H47: 0.4
C48: E02 allocation | D48: percent | E48: 0.25 | F48: 0.25 | G48: 0.25 | H48: 0.25
C49: E03 allocation | D49: percent | E49: 0.35 | F49: 0.35 | G49: 0.35 | H49: 0.35
C52: Production plans
C53: Micro. Narration, archival material, implied action, tight coverage, redressed sets. Paid regional nonunion cast/crew; combined compatible roles
C54: Ultra-low. More practical action and coverage; local doubles for foreign places. Paid regional nonunion cast/crew; modest specialist units
C55: Low. Substantial staged period drama; larger crowds, action and post. Professional rates with contract reserve; exact guild terms to be quoted
C56: Production company. Fuller staging, dedicated departments, second unit and more post. Nonstar cast; guild payroll reserve. Not a studio or celebrity package
C59: Basis, sources and scope
C60: 2026 USD. U.S. regional base; overseas settings doubled domestically. No foreign travel or tax incentives netted.
C61: All four options are simultaneous live estimates. Edit blue values. Rates are planning allowances, not vendor quotations.
C62: Tier names are relative to this period series, not union agreement classifications. The Micro plan exceeds SAG-AFTRA’s $20,000 micro-program cap.
C63: 10-hour adult shoot-day allowance, five-day weeks. Crew daily rates include overtime allowance; fringes added separately. Child calls are shorter.
C64: Fringes combine payroll taxes, workers compensation, payroll service and applicable benefits reserves. Contract minima and weekly guarantees need a production quote.
C65: All cast and crew are paid. No volunteer, free-location, free-prop or deferred-fee assumption. No celebrity attachments.
... C70: Micro/Ultra require economical screen execution and pre-cleared archive substitutes. They do not fund full live aircraft, sea battles or unrestricted downtown control.
C73: ID | D73: Source | E73: Reference
C74: S01 | D74: JFKFYIE01(2).fdx | E74: Attached screenplay. 121 scene headings; source for E01 scope.
C75: S02 | D75: JFKFYIE02(2).fdx | E75: Attached screenplay. 110 scene headings; source for E02 scope.
C76: S03 | D76: JFKFYIE03(2).fdx | E76: Attached screenplay. 139 scene headings; source for E03 scope.
C77: S04 | D77: SAG-AFTRA 2026 TV/Theatrical | E77: https://www.sagaftra.org/contracts-industry-resources/contracts/2026-tvtheatrical-contracts
C78: S05 | D78: Current television rate documents | E78: https://www.sagaftra.org/production-center/contract/810/rate-sheet/document
C79: S06 | D79: SAG-AFTRA Micro agreement | E79: https://www.sagaftra.org/micro-budget-project-agreement-1
C80: S07 | D80: Rates, quantities and schedules | E80: Producer planning estimates prepared October 25, 2026; not signed quotes.

Sheet E01 Budget
C2: Episode 1: The Enemies
C4: USD. Paid line items. Blue numbers are editable. Plan and Rates owns shared drivers. Fringes or sales tax are applied once.
C6: Account | D6: Cost item | E6: Quantity | F6: Unit | G6: Rate | H6: Fringe / tax | I6: Total | J6: Basis
C8: Micro
C9: Development, producing and directing
C10: 1101 | D10: Writer / literary rights package | E10: 1 | F10: episode | G10: 5000 | H10: 0 | I10: =ROUND(E10*G10*(1+H10),0) -> 5000 | J10: Author fee and rights allowance; no assumed unpaid rewrite.
C11: 1102 | D11: Producer fee | E11: 1 | F11: episode | G11: 6000 | H11: 0 | I11: =ROUND(E11*G11*(1+H11),0) -> 6000 | J11: Creative producer; physical production staff below.
C12: 1103 | D12: Director | E12: 1 | F12: episode | G12: 8000 | H12: ='Plan and Rates'!E20 -> 0.25 | I12: =ROUND(E12*G12*(1+H12),0) -> 10000 | J12: Nonstar episodic director allowance; exact guild deal to quote.
C13: 1104 | D13: Casting and auditions | E13: 1 | F13: episode | G13: 3500 | H13: 0 | I13: =ROUND(E13*G13*(1+H13),0) -> 3500 | J13: Includes supporting-role and background casting.
C14: 1105 | D14: Historical consultant / script research | E14: 1 | F14: episode | G14: 3000 | H14: 0 | I14: =ROUND(E14*G14*(1+H14),0) -> 3000 | J14: Facts, period details and interpretation review; no script edits here.
C15: Cast and supporting performers
C16: 1201 | D16: Principal and day-player fees | E16: ='Plan and Rates'!E10 -> 105 | F16: person-day | G16: ='Plan and Rates'!E16 -> 350 | H16: ='Plan and Rates'!E20 -> 0.25 | I16: =ROUND(E16*G16*(1+H16),0) -> 45938 | J16: Scenario booking estimate; all speaking parts paid.
C17: 1202 | D17: Narrator / additional voice sessions | E17: ='Plan and Rates'!E11 -> 5 | F17: session | G17: ='Plan and Rates'!E17 -> 350 | H17: ='Plan and Rates'!E20 -> 0.25 | I17: =ROUND(E17*G17*(1+H17),0) -> 2188 | J17: Human performers; no synthetic voice assumption.
C18: 1203 | D18: Background performers | E18: ='Plan and Rates'!E12 -> 220 | F18: person-day | G18: ='Plan and Rates'!E18 -> 180 | H18: ='Plan and Rates'!E20 -> 0.25 | I18: =ROUND(E18*G18*(1+H18),0) -> 49500 | J18: Crowd, soldier, school, nightclub and public-scene bookings.
C19: 1204 | D19: Cast rehearsals and fittings | E19: =E16*0.15 -> 15.75 | F19: equiv. day | G19: ='Plan and Rates'!E16 -> 350 | H19: ='Plan and Rates'!E20 -> 0.25 | I19: =ROUND(E19*G19*(1+H19),0) -> 6891 | J19: 15% additional paid time beyond principal shoot bookings.
C20: 1205 | D20: Stunt performers | E20: ='Plan and Rates'!E13 -> 10 | F20: person-day | G20: ='Plan and Rates'!E19 -> 500 | H20: ='Plan and Rates'!E20 -> 0.25 | I20: =ROUND(E20*G20*(1+H20),0) -> 6250 | J20: Physical actions; no unpaid doubling.
C21: 1301 | D21: Agency / negotiation allowance | E21: =E16*G16 -> 36750 | F21: cast-base % | G21: 0.1 | H21: 0 | I21: =ROUND(E21*G21*(1+H21),0) -> 3675 | J21: 10% planning allowance on principal base wages only.
C22: 1302 | D22: Contract / residual reserve | E22: =E16*G16 -> 36750 | F22: cast-base % | G22: ='Plan and Rates'!E26 -> 0 | H22: 0 | I22: =ROUND(E22*G22*(1+H22),0) -> 0 | J22: Finite reserve; actual distribution obligations depend on agreement.
C23: Production crew
C24: 2001 | D24: Line producer / UPM | E24: =(SUM('Plan and Rates'!E7,'Plan and Rates'!E8,'Plan and Rates'!E9))*1 -> 26 | F24: person-day | G24: 450 | H24: ='Plan and Rates'!E20 -> 0.25 | I24: =ROUND(E24*G24*(1+H24),0) -> 14625 | J24: 1 person(s); prep, shoot and wrap. 10-hour rate allowance.
C25: 2002 | D25: First assistant director | E25: =('Plan and Rates'!E7+ROUNDUP('Plan and Rates'!E8*0.5,0))*1 -> 20 | F25: person-day | G25: 350 | H25: ='Plan and Rates'!E20 -> 0.25 | I25: =ROUND(E25*G25*(1+H25),0) -> 8750 | J25: 1 person(s); shoot plus half prep, rounded up. 10-hour rate allowance.
C26: 2003 | D26: Second AD / cast coordination | E26: =('Plan and Rates'!E7)*0 -> 0 | F26: person-day | G26: 250 | H26: ='Plan and Rates'!E20 -> 0.25 | I26: =ROUND(E26*G26*(1+H26),0) -> 0 | J26: 0 person(s); shoot days. 10-hour rate allowance.
C27: 2004 | D27: Production coordinator | E27: =(SUM('Plan and Rates'!E7,'Plan and Rates'!E8,'Plan and Rates'!E9))*1 -> 26 | F27: person-day | G27: 275 | H27: ='Plan and Rates'!E20 -> 0.25 | I27: =ROUND(E27*G27*(1+H27),0) -> 8938 | J27: 1 person(s); prep, shoot and wrap. 10-hour rate allowance.
C28: 2005 | D28: Script supervisor | E28: =('Plan and Rates'!E7)*1 -> 16 | F28: person-day | G28: 275 | H28: ='Plan and Rates'!E20 -> 0.25 | I28: =ROUND(E28*G28*(1+H28),0) -> 5500 | J28: 1 person(s); shoot days. 10-hour rate allowance.
C29: 2006 | D29: Director of photography | E29: =('Plan and Rates'!E7+ROUNDUP('Plan and Rates'!E8*0.5,0))*1 -> 20 | F29: person-day | G29: 500 | H29: ='Plan and Rates'!E20 -> 0.25 | I29: =ROUND(E29*G29*(1+H29),0) -> 12500 | J29: 1 person(s); shoot plus half prep, rounded up. 10-hour rate allowance.
C30: 2007 | D30: Camera operator / second unit camera | E30: =('Plan and Rates'!E7)*0 -> 0 | F30: person-day | G30: 350 | H30: ='Plan and Rates'!E20 -> 0.25 | I30: =ROUND(E30*G30*(1+H30),0) -> 0 | J30: 0 person(s); shoot days. 10-hour rate allowance.
C31: 2008 | D31: Camera assistants / DIT | E31: =('Plan and Rates'!E7)*1 -> 16 | F31: person-day | G31: 300 | H31: ='Plan and Rates'!E20 -> 0.25 | I31: =ROUND(E31*G31*(1+H31),0) -> 6000 | J31: 1 person(s); shoot days. 10-hour rate allowance.
C32: 2009 | D32: Gaffer | E32: =('Plan and Rates'!E7)*1 -> 16 | F32: person-day | G32: 350 | H32: ='Plan and Rates'!E20 -> 0.25 | I32: =ROUND(E32*G32*(1+H32),0) -> 7000 | J32: 1 person(s); shoot days. 10-hour rate allowance.
C33: 2010 | D33: Grip / electric crew | E33: =('Plan and Rates'!E7)*1 -> 16 | F33: person-day | G33: 275 | H33: ='Plan and Rates'!E20 -> 0.25 | I33: =ROUND(E33*G33*(1+H33),0) -> 5500 | J33: 1 person(s); shoot days. 10-hour rate allowance.
C34: 2011 | D34: Sound mixer | E34: =('Plan and Rates'!E7)*1 -> 16 | F34: person-day | G34: 375 | H34: ='Plan and Rates'!E20 -> 0.25 | I34: =ROUND(E34*G34*(1+H34),0) -> 7500 | J34: 1 person(s); shoot days. 10-hour rate allowance.
C35: 2012 | D35: Boom / sound utility | E35: =('Plan and Rates'!E7)*0 -> 0 | F35: person-day | G35: 275 | H35: ='Plan and Rates'!E20 -> 0.25 | I35: =ROUND(E35*G35*(1+H35),0) -> 0 | J35: 0 person(s); shoot days. 10-hour rate allowance.
C36: 2013 | D36: Production designer | E36: =(SUM('Plan and Rates'!E7,'Plan and Rates'!E8,'Plan and Rates'!E9))*1 -> 26 | F36: person-day | G36: 350 | H36: ='Plan and Rates'!E20 -> 0.25 | I36: =ROUND(E36*G36*(1+H36),0) -> 11375 | J36: 1 person(s); prep, shoot and wrap. 10-hour rate allowance.
C37: 2014 | D37: Set dressers / prop department | E37: =(SUM('Plan and Rates'!E7,'Plan and Rates'!E8,'Plan and Rates'!E9))*1 -> 26 | F37: person-day | G37: 275 | H37: ='Plan and Rates'!E20 -> 0.25 | I37: =ROUND(E37*G37*(1+H37),0) -> 8938 | J37: 1 person(s); prep, shoot and wrap. 10-hour rate allowance.
C38: 2015 | D38: Costume department | E38: =(SUM('Plan and Rates'!E7,'Plan and Rates'!E8,'Plan and Rates'!E9))*1 -> 26 | F38: person-day | G38: 300 | H38: ='Plan and Rates'!E20 -> 0.25 | I38: =ROUND(E38*G38*(1+H38),0) -> 9750 | J38: 1 person(s); prep, shoot and wrap. 10-hour rate allowance.
C39: 2016 | D39: Hair / makeup team | E39: =('Plan and Rates'!E7+ROUNDUP('Plan and Rates'!E8*0.5,0))*1 -> 20 | F39: person-day | G39: 300 | H39: ='Plan and Rates'!E20 -> 0.25 | I39: =ROUND(E39*G39*(1+H39),0) -> 7500 | J39: 1 person(s); shoot plus half prep, rounded up. 10-hour rate allowance.
C40: 2017 | D40: Locations / permits staff | E40: =(SUM('Plan and Rates'!E7,'Plan and Rates'!E8,'Plan and Rates'!E9))*1 -> 26 | F40: person-day | G40: 300 | H40: ='Plan and Rates'!E20 -> 0.25 | I40: =ROUND(E40*G40*(1+H40),0) -> 9750 | J40: 1 person(s); prep, shoot and wrap. 10-hour rate allowance.
C41: 2018 | D41: Drivers / transport crew | E41: =('Plan and Rates'!E7)*1 -> 16 | F41: person-day | G41: 275 | H41: ='Plan and Rates'!E20 -> 0.25 | I41: =ROUND(E41*G41*(1+H41),0) -> 5500 | J41: 1 person(s); shoot days. 10-hour rate allowance.
C42: 2019 | D42: Production assistants | E42: =('Plan and Rates'!E7+ROUNDUP('Plan and Rates'!E8*0.5,0))*2 -> 40 | F42: person-day | G42: 200 | H42: ='Plan and Rates'!E20 -> 0.25 | I42: =ROUND(E42*G42*(1+H42),0) -> 10000 | J42: 2 person(s); shoot plus half prep, rounded up. 10-hour rate allowance.
C43: 2201 | D43: Set medic | E43: ='Plan and Rates'!E7 -> 16 | F43: day | G43: 350 | H43: ='Plan and Rates'!E20 -> 0.25 | I43: =ROUND(E43*G43*(1+H43),0) -> 7000 | J43: Medic paid every shoot day.
C44: 2202 | D44: Weapons armorer | E44: ='Plan and Rates'!E14 -> 6 | F44: day | G44: 500 | H44: ='Plan and Rates'!E20 -> 0.25 | I44: =ROUND(E44*G44*(1+H44),0) -> 3750 | J44: Inert/replica control and safety; no live ammunition.
C45: 2203 | D45: Stunt / action safety coordination | E45: ='Plan and Rates'!E14 -> 6 | F45: day | G45: 550 | H45: ='Plan and Rates'!E20 -> 0.25 | I45: =ROUND(E45*G45*(1+H45),0) -> 4125 | J45: Marine/vehicle/fire action planning as episode requires.
C46: 2204 | D46: Child-welfare teacher / set tutor | E46: ='Plan and Rates'!E15 -> 9 | F46: day | G46: 350 | H46: ='Plan and Rates'!E20 -> 0.25 | I46: =ROUND(E46*G46*(1+H46),0) -> 3938 | J46: Includes multiple tutors where needed; shorter minor calls.
C47: 2205 | D47: Marine safety / specialist support | E47: 5 | F47: day | G47: 650 | H47: ='Plan and Rates'!E20 -> 0.25 | I47: =ROUND(E47*G47*(1+H47),0) -> 4063 | J47: PT-109, beach and landing-craft filming.
C48: 2206 | D48: Animal handler / trained dog package | E48: 1 | F48: package | G48: 750 | H48: 0 | I48: =ROUND(E48*G48*(1+H48),0) -> 750 | J48: Episode 1 scene 4; specialist and trained animal hire.
C49: 2207 | D49: Intimacy coordination | E49: 1 | F49: day | G49: 600 | H49: ='Plan and Rates'!E20 -> 0.25 | I49: =ROUND(E49*G49*(1+H49),0) -> 750 | J49: Private/adult scenes and nightclub coverage as staged.
C50: 2208 | D50: Specialty performer / adult-scene premiums | E50: 1 | F50: allowance | G50: 500 | H50: ='Plan and Rates'!E20 -> 0.25 | I50: =ROUND(E50*G50*(1+H50),0) -> 625 | J50: Additional performance premiums beyond ordinary cast/background wages.
C51: Equipment, locations, art and props
C52: 3101 | D52: Camera / lenses / support rental | E52: ='Plan and Rates'!E7 -> 16 | F52: day | G52: 450 | H52: ='Plan and Rates'!E21 -> 0.07 | I52: =ROUND(E52*G52*(1+H52),0) -> 7704 | J52: Paid complete package allowance.
C53: 3102 | D53: Lighting / grip rental | E53: ='Plan and Rates'!E7 -> 16 | F53: day | G53: 350 | H53: ='Plan and Rates'!E21 -> 0.07 | I53: =ROUND(E53*G53*(1+H53),0) -> 5992 | J53: Practical period interiors and night work.
C54: 3103 | D54: Sound / communications rental | E54: ='Plan and Rates'!E7 -> 16 | F54: day | G54: 160 | H54: ='Plan and Rates'!E21 -> 0.07 | I54: =ROUND(E54*G54*(1+H54),0) -> 2739 | J54: Mixer package and walkies.
C55: 3104 | D55: Data backup and media | E55: 1 | F55: episode | G55: 1800 | H55: ='Plan and Rates'!E21 -> 0.07 | I55: =ROUND(E55*G55*(1+H55),0) -> 1926 | J55: Production and post copies; media purchases.
C56: 3201 | D56: Location rentals | E56: ='Plan and Rates'!E27 -> 22 | F56: location-day | G56: 400 | H56: ='Plan and Rates'!E21 -> 0.07 | I56: =ROUND(E56*G56*(1+H56),0) -> 9416 | J56: Redressed local buildings; no free property assumption.
C57: 3202 | D57: Permits / traffic control / security | E57: 1 | F57: episode | G57: 6000 | H57: 0 | I57: =ROUND(E57*G57*(1+H57),0) -> 6000 | J57: Period streets, crowd control and secured night locations.
C58: 3301 | D58: Allocated reusable series setup | E58: 1 | F58: episode | G58: ='Plan and Rates'!E45*'Plan and Rates'!E47 -> 21600 | H58: 0 | I58: =ROUND(E58*G58*(1+H58),0) -> 21600 | J58: Shared sets/design vendor package allocated once across three episodes.
C59: 3302 | D59: Episode sets / dressing / construction | E59: 1 | F59: episode | G59: 18000 | H59: ='Plan and Rates'!E21 -> 0.07 | I59: =ROUND(E59*G59*(1+H59),0) -> 19260 | J59: Episode-specific furniture, surfaces and construction vendor package; hand props separate.
C60: 3401 | D60: Paid props and practical replicas | E60: 1 | F60: episode | G60: =SUMIFS(Props!L7:L59,Props!C7:C59,1) -> 15376 | H60: ='Plan and Rates'!E21 -> 0.07 | I60: =ROUND(E60*G60*(1+H60),0) -> 16452 | J60: Itemized on Props; includes paid purchase, rental and fabrication.
C61: 3501 | D61: Period costumes / alterations / cleaning | E61: ='Plan and Rates'!E34 -> 95 | F61: outfit | G61: 80 | H61: ='Plan and Rates'!E21 -> 0.07 | I61: =ROUND(E61*G61*(1+H61),0) -> 8132 | J61: Includes supporting/background inventory; recurring prep in shared setup.
C62: 3502 | D62: Wigs / makeup kits / consumables | E62: 1 | F62: episode | G62: 3000 | H62: ='Plan and Rates'!E21 -> 0.07 | I62: =ROUND(E62*G62*(1+H62),0) -> 3210 | J62: JFK/Jackie/Ferrie and period continuity; department labor separate.
C63: Vehicles, travel and scene-specific production
C64: 4101 | D64: Period picture vehicles | E64: ='Plan and Rates'!E28 -> 22 | F64: vehicle-day | G64: 350 | H64: ='Plan and Rates'!E21 -> 0.07 | I64: =ROUND(E64*G64*(1+H64),0) -> 8239 | J64: Period cars/police cars and owner fees; standard transport separately.
C65: 4102 | D65: Production vehicles / fuel / parking | E65: ='Plan and Rates'!E7 -> 16 | F65: day | G65: 350 | H65: ='Plan and Rates'!E21 -> 0.07 | I65: =ROUND(E65*G65*(1+H65),0) -> 5992 | J65: Vans, cargo truck, fuel, mileage and parking.
C66: 4201 | D66: Accommodation | E66: ='Plan and Rates'!E29 -> 60 | F66: room-night | G66: 130 | H66: ='Plan and Rates'!E21 -> 0.07 | I66: =ROUND(E66*G66*(1+H66),0) -> 8346 | J66: Regional crew/traveling cast; no international hotels.
C67: 4202 | D67: Air / rail / ground travel | E67: 1 | F67: episode | G67: 3000 | H67: 0 | I67: =ROUND(E67*G67*(1+H67),0) -> 3000 | J67: Domestic travel allowance; local foreign doubles.
C68: 4203 | D68: Shoot-day catering and craft | E68: ='Plan and Rates'!E7*(17+1+'Plan and Rates'!E35)+'Plan and Rates'!E10+'Plan and Rates'!E12+'Plan and Rates'!E13+'Plan and Rates'!E14*2+'Plan and Rates'!E15+5 -> 713 | F68: person-day | G68: 32 | H68: ='Plan and Rates'!E21 -> 0.07 | I68: =ROUND(E68*G68*(1+H68),0) -> 24413 | J68: Core crew, medic, cast, background, specialists and extra seats.
C69: 4204 | D69: Prep / wrap crew meals | E69: =('Plan and Rates'!E8+'Plan and Rates'!E9)*6 -> 60 | F69: person-day | G69: 25 | H69: ='Plan and Rates'!E21 -> 0.07 | I69: =ROUND(E69*G69*(1+H69),0) -> 1605 | J69: Smaller prep/wrap team meals; excluded from shoot catering.
C70: 4205 | D70: Travel / nonshoot-day per diem | E70: ='Plan and Rates'!E29*0.35 -> 21 | F70: equiv. day | G70: 55 | H70: 0 | I70: =ROUND(E70*G70*(1+H70),0) -> 1155 | J70: 35% of room nights for travel/rest days; shoot meals catered.
C71: 4301 | D71: PT-109 / Bay of Pigs / aircraft shell | E71: 1 | F71: sequence package | G71: 22000 | H71: 0 | I71: =ROUND(E71*G71*(1+H71),0) -> 22000 | J71: Paid watercraft/platform, safe hull section, effects vendor; exteriors via archive/VFX.
C72: 4302 | D72: Weather / reshoots / additional unit | E72: 1 | F72: unit-day | G72: 3500 | H72: 0 | I72: =ROUND(E72*G72*(1+H72),0) -> 3500 | J72: Incremental unit package, separate from scheduled principal-unit days.
C73: Post-production, archives and delivery
C74: 5101 | D74: Picture editor | E74: 25 | F74: day | G74: 300 | H74: ='Plan and Rates'!E20 -> 0.25 | I74: =ROUND(E74*G74*(1+H74),0) -> 9375 | J74: Episode edit; no assumed free editor.
C75: 5102 | D75: Assistant editor / conform | E75: 8 | F75: day | G75: 200 | H75: ='Plan and Rates'!E20 -> 0.25 | I75: =ROUND(E75*G75*(1+H75),0) -> 2000 | J75: Media organization and conform.
C76: 5201 | D76: Sound edit / Foley / final mix | E76: 1 | F76: episode | G76: 7000 | H76: 0 | I76: =ROUND(E76*G76*(1+H76),0) -> 7000 | J76: Period ambience, action and dialogue finishing.
C77: 5202 | D77: ADR / studio / narration engineering | E77: 1 | F77: episode | G77: 1800 | H77: 0 | I77: =ROUND(E77*G77*(1+H77),0) -> 1800 | J77: Voice talent fees are in cast section.
C78: 5301 | D78: Score composer / music licenses | E78: 1 | F78: episode | G78: 5000 | H78: 0 | I78: =ROUND(E78*G78*(1+H78),0) -> 5000 | J78: Original score and limited source-music licenses.
C79: 5401 | D79: Color / online / mastering | E79: 1 | F79: episode | G79: 4500 | H79: 0 | I79: =ROUND(E79*G79*(1+H79),0) -> 4500 | J79: Finishing vendor package.
C80: 5501 | D80: VFX / cleanup / restoration | E80: ='Plan and Rates'!E32 -> 28 | F80: shot | G80: ='Plan and Rates'!E33 -> 500 | H80: 0 | I80: =ROUND(E80*G80*(1+H80),0) -> 14000 | J80: Aircraft, water, crowds, city cleanup and photo/film restoration.
C81: 5601 | D81: Licensed archival footage / photos | E81: ='Plan and Rates'!E30 -> 90 | F81: licensed sec. | G81: ='Plan and Rates'!E31 -> 150 | H81: 0 | I81: =ROUND(E81*G81*(1+H81),0) -> 13500 | J81: Paid licensed material; confirmed public-domain substitutes may reduce cost.
C82: 5602 | D82: Archive research / scans / transfers | E82: 1 | F82: episode | G82: 3000 | H82: 0 | I82: =ROUND(E82*G82*(1+H82),0) -> 3000 | J82: Paid research and master preparation even where content is public domain.
C83: 5701 | D83: Captions / QC / DCP / deliverables | E83: 1 | F83: episode | G83: 2500 | H83: 0 | I83: =ROUND(E83*G83*(1+H83),0) -> 2500 | J83: Festival file and exhibition deliverables.
C84: 5801 | D84: Legal / clearances / accounting | E84: 1 | F84: episode | G84: 5500 | H84: 0 | I84: =ROUND(E84*G84*(1+H84),0) -> 5500 | J84: Includes rights/brand review and production accounts; insurance below.
C85: 5901 | D85: Initial artwork / festivals / publicity | E85: 1 | F85: episode | G85: 1500 | H85: 0 | I85: =ROUND(E85*G85*(1+H85),0) -> 1500 | J85: Launch allowance only; full P&A excluded.
D86: Direct production cost | I86: =I10+I11+I12+I13+I14+I16+I17+I18+I19+I20+I21+I22+I24+I25+I26+I27+I28+I29+I30+I31+I32+I33+I34+I35+I36+I37+I38+I39+I40+I41+I42+I43+I44+I45+I46+I47+I48+I49+I50+I52+I53+I54+I55+I56+I57+I58+I59+I60+I61+I62+I64+I65+I66+I67+I68+I69+I70+I71+I72+I74+I75+I76+I77+I78+I79+I80+I81+I82+I83+I84+I85 -> 556425
D87: Insurance allowance | I87: =ROUND(I86*'Plan and Rates'!E24,0) -> 13911 | J87: Direct cost × insurance rate
D88: Production company overhead | I88: =ROUND(I86*'Plan and Rates'!E23,0) -> 19475 | J88: Direct cost × overhead; excludes creative producer fee
D89: Completion bond allowance | I89: =ROUND(I86*'Plan and Rates'!E25,0) -> 0 | J89: Direct cost × bond rate; no bond in lower two plans
D90: Contingency | I90: =ROUND(SUM(I86:I89)*'Plan and Rates'!E22,0) -> 117962 | J90: Direct cost plus insurance, overhead and bond × contingency
D91: EPISODE TOTAL | I91: =SUM(I86:I90) -> 707773 | J91: Gross cash budget before incentives
C95: Ultra-low
C96: Development, producing and directing
C97: 1101 | D97: Writer / literary rights package | E97: 1 | F97: episode | G97: 12000 | H97: 0 | I97: =ROUND(E97*G97*(1+H97),0) -> 12000 | J97: Author fee and rights allowance; no assumed unpaid rewrite.
C98: 1102 | D98: Producer fee | E98: 1 | F98: episode | G98: 15000 | H98: 0 | I98: =ROUND(E98*G98*(1+H98),0) -> 15000 | J98: Creative producer; physical production staff below.
C99: 1103 | D99: Director | E99: 1 | F99: episode | G99: 20000 | H99: ='Plan and Rates'!F20 -> 0.3 | I99: =ROUND(E99*G99*(1+H99),0) -> 26000 | J99: Nonstar episodic director allowance; exact guild deal to quote.
C100: 1104 | D100: Casting and auditions | E100: 1 | F100: episode | G100: 7000 | H100: 0 | I100: =ROUND(E100*G100*(1+H100),0) -> 7000 | J100: Includes supporting-role and background casting.
C101: 1105 | D101: Historical consultant / script research | E101: 1 | F101: episode | G101: 6000 | H101: 0 | I101: =ROUND(E101*G101*(1+H101),0) -> 6000 | J101: Facts, period details and interpretation review; no script edits here.
C102: Cast and supporting performers
C103: 1201 | D103: Principal and day-player fees | E103: ='Plan and Rates'!F10 -> 135 | F103: person-day | G103: ='Plan and Rates'!F16 -> 650 | H103: ='Plan and Rates'!F20 -> 0.3 | I103: =ROUND(E103*G103*(1+H103),0) -> 114075 | J103: Scenario booking estimate; all speaking parts paid.
C104: 1202 | D104: Narrator / additional voice sessions | E104: ='Plan and Rates'!F11 -> 7 | F104: session | G104: ='Plan and Rates'!F17 -> 600 | H104: ='Plan and Rates'!F20 -> 0.3 | I104: =ROUND(E104*G104*(1+H104),0) -> 5460 | J104: Human performers; no synthetic voice assumption.
C105: 1203 | D105: Background performers | E105: ='Plan and Rates'!F12 -> 360 | F105: person-day | G105: ='Plan and Rates'!F18 -> 225 | H105: ='Plan and Rates'!F20 -> 0.3 | I105: =ROUND(E105*G105*(1+H105),0) -> 105300 | J105: Crowd, soldier, school, nightclub and public-scene bookings.
C106: 1204 | D106: Cast rehearsals and fittings | E106: =E103*0.15 -> 20.25 | F106: equiv. day | G106: ='Plan and Rates'!F16 -> 650 | H106: ='Plan and Rates'!F20 -> 0.3 | I106: =ROUND(E106*G106*(1+H106),0) -> 17111 | J106: 15% additional paid time beyond principal shoot bookings.
C107: 1205 | D107: Stunt performers | E107: ='Plan and Rates'!F13 -> 18 | F107: person-day | G107: ='Plan and Rates'!F19 -> 800 | H107: ='Plan and Rates'!F20 -> 0.3 | I107: =ROUND(E107*G107*(1+H107),0) -> 18720 | J107: Physical actions; no unpaid doubling.
...

Sheet E02 Budget
C2: Episode 2: The Plots
C4: USD. Paid line items. Blue numbers are editable. Plan and Rates owns shared drivers. Fringes or sales tax are applied once.
C6: Account | D6: Cost item | E6: Quantity | F6: Unit | G6: Rate | H6: Fringe / tax | I6: Total | J6: Basis
C8: Micro
C9: Development, producing and directing
C10: 1101 | D10: Writer / literary rights package | E10: 1 | F10: episode | G10: 5000 | H10: 0 | I10: =ROUND(E10*G10*(1+H10),0) -> 5000 | J10: Author fee and rights allowance; no assumed unpaid rewrite.
C11: 1102 | D11: Producer fee | E11: 1 | F11: episode | G11: 6000 | H11: 0 | I11: =ROUND(E11*G11*(1+H11),0) -> 6000 | J11: Creative producer; physical production staff below.
C12: 1103 | D12: Director | E12: 1 | F12: episode | G12: 8000 | H12: ='Plan and Rates'!I20 -> 0.25 | I12: =ROUND(E12*G12*(1+H12),0) -> 10000 | J12: Nonstar episodic director allowance; exact guild deal to quote.
C13: 1104 | D13: Casting and auditions | E13: 1 | F13: episode | G13: 3500 | H13: 0 | I13: =ROUND(E13*G13*(1+H13),0) -> 3500 | J13: Includes supporting-role and background casting.
C14: 1105 | D14: Historical consultant / script research | E14: 1 | F14: episode | G14: 3000 | H14: 0 | I14: =ROUND(E14*G14*(1+H14),0) -> 3000 | J14: Facts, period details and interpretation review; no script edits here.
C15: Cast and supporting performers
C16: 1201 | D16: Principal and day-player fees | E16: ='Plan and Rates'!I10 -> 90 | F16: person-day | G16: ='Plan and Rates'!I16 -> 350 | H16: ='Plan and Rates'!I20 -> 0.25 | I16: =ROUND(E16*G16*(1+H16),0) -> 39375 | J16: Scenario booking estimate; all speaking parts paid.
C17: 1202 | D17: Narrator / additional voice sessions | E17: ='Plan and Rates'!I11 -> 5 | F17: session | G17: ='Plan and Rates'!I17 -> 350 | H17: ='Plan and Rates'!I20 -> 0.25 | I17: =ROUND(E17*G17*(1+H17),0) -> 2188 | J17: Human performers; no synthetic voice assumption.
C18: 1203 | D18: Background performers | E18: ='Plan and Rates'!I12 -> 90 | F18: person-day | G18: ='Plan and Rates'!I18 -> 180 | H18: ='Plan and Rates'!I20 -> 0.25 | I18: =ROUND(E18*G18*(1+H18),0) -> 20250 | J18: Crowd, soldier, school, nightclub and public-scene bookings.
C19: 1204 | D19: Cast rehearsals and fittings | E19: =E16*0.15 -> 13.5 | F19: equiv. day | G19: ='Plan and Rates'!I16 -> 350 | H19: ='Plan and Rates'!I20 -> 0.25 | I19: =ROUND(E19*G19*(1+H19),0) -> 5906 | J19: 15% additional paid time beyond principal shoot bookings.
C20: 1205 | D20: Stunt performers | E20: ='Plan and Rates'!I13 -> 3 | F20: person-day | G20: ='Plan and Rates'!I19 -> 500 | H20: ='Plan and Rates'!I20 -> 0.25 | I20: =ROUND(E20*G20*(1+H20),0) -> 1875 | J20: Physical actions; no unpaid doubling.
C21: 1301 | D21: Agency / negotiation allowance | E21: =E16*G16 -> 31500 | F21: cast-base % | G21: 0.1 | H21: 0 | I21: =ROUND(E21*G21*(1+H21),0) -> 3150 | J21: 10% planning allowance on principal base wages only.
C22: 1302 | D22: Contract / residual reserve | E22: =E16*G16 -> 31500 | F22: cast-base % | G22: ='Plan and Rates'!I26 -> 0 | H22: 0 | I22: =ROUND(E22*G22*(1+H22),0) -> 0 | J22: Finite reserve; actual distribution obligations depend on agreement.
C23: Production crew
C24: 2001 | D24: Line producer / UPM | E24: =(SUM('Plan and Rates'!I7,'Plan and Rates'!I8,'Plan and Rates'!I9))*1 -> 21 | F24: person-day | G24: 450 | H24: ='Plan and Rates'!I20 -> 0.25 | I24: =ROUND(E24*G24*(1+H24),0) -> 11813 | J24: 1 person(s); prep, shoot and wrap. 10-hour rate allowance.
C25: 2002 | D25: First assistant director | E25: =('Plan and Rates'!I7+ROUNDUP('Plan and Rates'!I8*0.5,0))*1 -> 16 | F25: person-day | G25: 350 | H25: ='Plan and Rates'!I20 -> 0.25 | I25: =ROUND(E25*G25*(1+H25),0) -> 7000 | J25: 1 person(s); shoot plus half prep, rounded up. 10-hour rate allowance.
C26: 2003 | D26: Second AD / cast coordination | E26: =('Plan and Rates'!I7)*0 -> 0 | F26: person-day | G26: 250 | H26: ='Plan and Rates'!I20 -> 0.25 | I26: =ROUND(E26*G26*(1+H26),0) -> 0 | J26: 0 person(s); shoot days. 10-hour rate allowance.
C27: 2004 | D27: Production coordinator | E27: =(SUM('Plan and Rates'!I7,'Plan and Rates'!I8,'Plan and Rates'!I9))*1 -> 21 | F27: person-day | G27: 275 | H27: ='Plan and Rates'!I20 -> 0.25 | I27: =ROUND(E27*G27*(1+H27),0) -> 7219 | J27: 1 person(s); prep, shoot and wrap. 10-hour rate allowance.
C28: 2005 | D28: Script supervisor | E28: =('Plan and Rates'!I7)*1 -> 13 | F28: person-day | G28: 275 | H28: ='Plan and Rates'!I20 -> 0.25 | I28: =ROUND(E28*G28*(1+H28),0) -> 4469 | J28: 1 person(s); shoot days. 10-hour rate allowance.
C29: 2006 | D29: Director of photography | E29: =('Plan and Rates'!I7+ROUNDUP('Plan and Rates'!I8*0.5,0))*1 -> 16 | F29: person-day | G29: 500 | H29: ='Plan and Rates'!I20 -> 0.25 | I29: =ROUND(E29*G29*(1+H29),0) -> 10000 | J29: 1 person(s); shoot plus half prep, rounded up. 10-hour rate allowance.
C30: 2007 | D30: Camera operator / second unit camera | E30: =('Plan and Rates'!I7)*0 -> 0 | F30: person-day | G30: 350 | H30: ='Plan and Rates'!I20 -> 0.25 | I30: =ROUND(E30*G30*(1+H30),0) -> 0 | J30: 0 person(s); shoot days. 10-hour rate allowance.
C31: 2008 | D31: Camera assistants / DIT | E31: =('Plan and Rates'!I7)*1 -> 13 | F31: person-day | G31: 300 | H31: ='Plan and Rates'!I20 -> 0.25 | I31: =ROUND(E31*G31*(1+H31),0) -> 4875 | J31: 1 person(s); shoot days. 10-hour rate allowance.
C32: 2009 | D32: Gaffer | E32: =('Plan and Rates'!I7)*1 -> 13 | F32: person-day | G32: 350 | H32: ='Plan and Rates'!I20 -> 0.25 | I32: =ROUND(E32*G32*(1+H32),0) -> 5688 | J32: 1 person(s); shoot days. 10-hour rate allowance.
C33: 2010 | D33: Grip / electric crew | E33: =('Plan and Rates'!I7)*1 -> 13 | F33: person-day | G33: 275 | H33: ='Plan and Rates'!I20 -> 0.25 | I33: =ROUND(E33*G33*(1+H33),0) -> 4469 | J33: 1 person(s); shoot days. 10-hour rate allowance.
C34: 2011 | D34: Sound mixer | E34: =('Plan and Rates'!I7)*1 -> 13 | F34: person-day | G34: 375 | H34: ='Plan and Rates'!I20 -> 0.25 | I34: =ROUND(E34*G34*(1+H34),0) -> 6094 | J34: 1 person(s); shoot days. 10-hour rate allowance.
C35: 2012 | D35: Boom / sound utility | E35: =('Plan and Rates'!I7)*0 -> 0 | F35: person-day | G35: 275 | H35: ='Plan and Rates'!I20 -> 0.25 | I35: =ROUND(E35*G35*(1+H35),0) -> 0 | J35: 0 person(s); shoot days. 10-hour rate allowance.
C36: 2013 | D36: Production designer | E36: =(SUM('Plan and Rates'!I7,'Plan and Rates'!I8,'Plan and Rates'!I9))*1 -> 21 | F36: person-day | G36: 350 | H36: ='Plan and Rates'!I20 -> 0.25 | I36: =ROUND(E36*G36*(1+H36),0) -> 9188 | J36: 1 person(s); prep, shoot and wrap. 10-hour rate allowance.
C37: 2014 | D37: Set dressers / prop department | E37: =(SUM('Plan and Rates'!I7,'Plan and Rates'!I8,'Plan and Rates'!I9))*1 -> 21 | F37: person-day | G37: 275 | H37: ='Plan and Rates'!I20 -> 0.25 | I37: =ROUND(E37*G37*(1+H37),0) -> 7219 | J37: 1 person(s); prep, shoot and wrap. 10-hour rate allowance.
C38: 2015 | D38: Costume department | E38: =(SUM('Plan and Rates'!I7,'Plan and Rates'!I8,'Plan and Rates'!I9))*1 -> 21 | F38: person-day | G38: 300 | H38: ='Plan and Rates'!I20 -> 0.25 | I38: =ROUND(E38*G38*(1+H38),0) -> 7875 | J38: 1 person(s); prep, shoot and wrap. 10-hour rate allowance.
C39: 2016 | D39: Hair / makeup team | E39: =('Plan and Rates'!I7+ROUNDUP('Plan and Rates'!I8*0.5,0))*1 -> 16 | F39: person-day | G39: 300 | H39: ='Plan and Rates'!I20 -> 0.25 | I39: =ROUND(E39*G39*(1+H39),0) -> 6000 | J39: 1 person(s); shoot plus half prep, rounded up. 10-hour rate allowance.
C40: 2017 | D40: Locations / permits staff | E40: =(SUM('Plan and Rates'!I7,'Plan and Rates'!I8,'Plan and Rates'!I9))*1 -> 21 | F40: person-day | G40: 300 | H40: ='Plan and Rates'!I20 -> 0.25 | I40: =ROUND(E40*G40*(1+H40),0) -> 7875 | J40: 1 person(s); prep, shoot and wrap. 10-hour rate allowance.
C41: 2018 | D41: Drivers / transport crew | E41: =('Plan and Rates'!I7)*1 -> 13 | F41: person-day | G41: 275 | H41: ='Plan and Rates'!I20 -> 0.25 | I41: =ROUND(E41*G41*(1+H41),0) -> 4469 | J41: 1 person(s); shoot days. 10-hour rate allowance.
C42: 2019 | D42: Production assistants | E42: =('Plan and Rates'!I7+ROUNDUP('Plan and Rates'!I8*0.5,0))*2 -> 32 | F42: person-day | G42: 200 | H42: ='Plan and Rates'!I20 -> 0.25 | I42: =ROUND(E42*G42*(1+H42),0) -> 8000 | J42: 2 person(s); shoot plus half prep, rounded up. 10-hour rate allowance.
C43: 2201 | D43: Set medic | E43: ='Plan and Rates'!I7 -> 13 | F43: day | G43: 350 | H43: ='Plan and Rates'!I20 -> 0.25 | I43: =ROUND(E43*G43*(1+H43),0) -> 5688 | J43: Medic paid every shoot day.
C44: 2202 | D44: Weapons armorer | E44: ='Plan and Rates'!I14 -> 3 | F44: day | G44: 500 | H44: ='Plan and Rates'!I20 -> 0.25 | I44: =ROUND(E44*G44*(1+H44),0) -> 1875 | J44: Inert/replica control and safety; no live ammunition.
C45: 2203 | D45: Stunt / action safety coordination | E45: ='Plan and Rates'!I14 -> 3 | F45: day | G45: 550 | H45: ='Plan and Rates'!I20 -> 0.25 | I45: =ROUND(E45*G45*(1+H45),0) -> 2063 | J45: Marine/vehicle/fire action planning as episode requires.
C46: 2204 | D46: Child-welfare teacher / set tutor | E46: ='Plan and Rates'!I15 -> 3 | F46: day | G46: 350 | H46: ='Plan and Rates'!I20 -> 0.25 | I46: =ROUND(E46*G46*(1+H46),0) -> 1313 | J46: Includes multiple tutors where needed; shorter minor calls.
C47: 2205 | D47: Marine safety / specialist support | E47: 0 | F47: day | G47: 650 | H47: ='Plan and Rates'!I20 -> 0.25 | I47: =ROUND(E47*G47*(1+H47),0) -> 0 | J47: No planned water filming.
C48: 2206 | D48: Animal handler / trained dog package | E48: 0 | F48: package | G48: 750 | H48: 0 | I48: =ROUND(E48*G48*(1+H48),0) -> 0 | J48: Episode 1 scene 4; specialist and trained animal hire.
C49: 2207 | D49: Intimacy coordination | E49: 2 | F49: day | G49: 600 | H49: ='Plan and Rates'!I20 -> 0.25 | I49: =ROUND(E49*G49*(1+H49),0) -> 1500 | J49: Private/adult scenes and nightclub coverage as staged.
C50: 2208 | D50: Specialty performer / adult-scene premiums | E50: 1 | F50: allowance | G50: 500 | H50: ='Plan and Rates'!I20 -> 0.25 | I50: =ROUND(E50*G50*(1+H50),0) -> 625 | J50: Additional performance premiums beyond ordinary cast/background wages.
C51: Equipment, locations, art and props
C52: 3101 | D52: Camera / lenses / support rental | E52: ='Plan and Rates'!I7 -> 13 | F52: day | G52: 450 | H52: ='Plan and Rates'!I21 -> 0.07 | I52: =ROUND(E52*G52*(1+H52),0) -> 6260 | J52: Paid complete package allowance.
C53: 3102 | D53: Lighting / grip rental | E53: ='Plan and Rates'!I7 -> 13 | F53: day | G53: 350 | H53: ='Plan and Rates'!I21 -> 0.07 | I53: =ROUND(E53*G53*(1+H53),0) -> 4869 | J53: Practical period interiors and night work.
C54: 3103 | D54: Sound / communications rental | E54: ='Plan and Rates'!I7 -> 13 | F54: day | G54: 160 | H54: ='Plan and Rates'!I21 -> 0.07 | I54: =ROUND(E54*G54*(1+H54),0) -> 2226 | J54: Mixer package and walkies.
C55: 3104 | D55: Data backup and media | E55: 1 | F55: episode | G55: 1800 | H55: ='Plan and Rates'!I21 -> 0.07 | I55: =ROUND(E55*G55*(1+H55),0) -> 1926 | J55: Production and post copies; media purchases.
C56: 3201 | D56: Location rentals | E56: ='Plan and Rates'!I27 -> 17 | F56: location-day | G56: 400 | H56: ='Plan and Rates'!I21 -> 0.07 | I56: =ROUND(E56*G56*(1+H56),0) -> 7276 | J56: Redressed local buildings; no free property assumption.
C57: 3202 | D57: Permits / traffic control / security | E57: 1 | F57: episode | G57: 3500 | H57: 0 | I57: =ROUND(E57*G57*(1+H57),0) -> 3500 | J57: Period streets, crowd control and secured night locations.
C58: 3301 | D58: Allocated reusable series setup | E58: 1 | F58: episode | G58: ='Plan and Rates'!E45*'Plan and Rates'!E48 -> 13500 | H58: 0 | I58: =ROUND(E58*G58*(1+H58),0) -> 13500 | J58: Shared sets/design vendor package allocated once across three episodes.
C59: 3302 | D59: Episode sets / dressing / construction | E59: 1 | F59: episode | G59: 12000 | H59: ='Plan and Rates'!I21 -> 0.07 | I59: =ROUND(E59*G59*(1+H59),0) -> 12840 | J59: Episode-specific furniture, surfaces and construction vendor package; hand props separate.
C60: 3401 | D60: Paid props and practical replicas | E60: 1 | F60: episode | G60: =SUMIFS(Props!L7:L59,Props!C7:C59,2) -> 13400 | H60: ='Plan and Rates'!I21 -> 0.07 | I60: =ROUND(E60*G60*(1+H60),0) -> 14338 | J60: Itemized on Props; includes paid purchase, rental and fabrication.
C61: 3501 | D61: Period costumes / alterations / cleaning | E61: ='Plan and Rates'!I34 -> 70 | F61: outfit | G61: 80 | H61: ='Plan and Rates'!I21 -> 0.07 | I61: =ROUND(E61*G61*(1+H61),0) -> 5992 | J61: Includes supporting/background inventory; recurring prep in shared setup.
C62: 3502 | D62: Wigs / makeup kits / consumables | E62: 1 | F62: episode | G62: 3000 | H62: ='Plan and Rates'!I21 -> 0.07 | I62: =ROUND(E62*G62*(1+H62),0) -> 3210 | J62: JFK/Jackie/Ferrie and period continuity; department labor separate.
C63: Vehicles, travel and scene-specific production
C64: 4101 | D64: Period picture vehicles | E64: ='Plan and Rates'!I28 -> 14 | F64: vehicle-day | G64: 350 | H64: ='Plan and Rates'!I21 -> 0.07 | I64: =ROUND(E64*G64*(1+H64),0) -> 5243 | J64: Period cars/police cars and owner fees; standard transport separately.
C65: 4102 | D65: Production vehicles / fuel / parking | E65: ='Plan and Rates'!I7 -> 13 | F65: day | G65: 350 | H65: ='Plan and Rates'!I21 -> 0.07 | I65: =ROUND(E65*G65*(1+H65),0) -> 4869 | J65: Vans, cargo truck, fuel, mileage and parking.
C66: 4201 | D66: Accommodation | E66: ='Plan and Rates'!I29 -> 40 | F66: room-night | G66: 130 | H66: ='Plan and Rates'!I21 -> 0.07 | I66: =ROUND(E66*G66*(1+H66),0) -> 5564 | J66: Regional crew/traveling cast; no international hotels.
C67: 4202 | D67: Air / rail / ground travel | E67: 1 | F67: episode | G67: 3000 | H67: 0 | I67: =ROUND(E67*G67*(1+H67),0) -> 3000 | J67: Domestic travel allowance; local foreign doubles.
C68: 4203 | D68: Shoot-day catering and craft | E68: ='Plan and Rates'!I7*(17+1+'Plan and Rates'!I35)+'Plan and Rates'!I10+'Plan and Rates'!I12+'Plan and Rates'!I13+'Plan and Rates'!I14*2+'Plan and Rates'!I15+0 -> 478 | F68: person-day | G68: 32 | H68: ='Plan and Rates'!I21 -> 0.07 | I68: =ROUND(E68*G68*(1+H68),0) -> 16367 | J68: Core crew, medic, cast, background, specialists and extra seats.
C69: 4204 | D69: Prep / wrap crew meals | E69: =('Plan and Rates'!I8+'Plan and Rates'!I9)*6 -> 48 | F69: person-day | G69: 25 | H69: ='Plan and Rates'!I21 -> 0.07 | I69: =ROUND(E69*G69*(1+H69),0) -> 1284 | J69: Smaller prep/wrap team meals; excluded from shoot catering.
C70: 4205 | D70: Travel / nonshoot-day per diem | E70: ='Plan and Rates'!I29*0.35 -> 14 | F70: equiv. day | G70: 55 | H70: 0 | I70: =ROUND(E70*G70*(1+H70),0) -> 770 | J70: 35% of room nights for travel/rest days; shoot meals catered.
C71: 4301 | D71: Cockpit / moving car / Walker effect | E71: 1 | F71: sequence package | G71: 10000 | H71: 0 | I71: =ROUND(E71*G71*(1+H71),0) -> 10000 | J71: Static cockpit rental, vehicle process, breakaway window; no real aircraft risk.
C72: 4302 | D72: Weather / reshoots / additional unit | E72: 1 | F72: unit-day | G72: 3500 | H72: 0 | I72: =ROUND(E72*G72*(1+H72),0) -> 3500 | J72: Incremental unit package, separate from scheduled principal-unit days.
C73: Post-production, archives and delivery
C74: 5101 | D74: Picture editor | E74: 25 | F74: day | G74: 300 | H74: ='Plan and Rates'!I20 -> 0.25 | I74: =ROUND(E74*G74*(1+H74),0) -> 9375 | J74: Episode edit; no assumed free editor.
C75: 5102 | D75: Assistant editor / conform | E75: 8 | F75: day | G75: 200 | H75: ='Plan and Rates'!I20 -> 0.25 | I75: =ROUND(E75*G75*(1+H75),0) -> 2000 | J75: Media organization and conform.
C76: 5201 | D76: Sound edit / Foley / final mix | E76: 1 | F76: episode | G76: 7000 | H76: 0 | I76: =ROUND(E76*G76*(1+H76),0) -> 7000 | J76: Period ambience, action and dialogue finishing.
C77: 5202 | D77: ADR / studio / narration engineering | E77: 1 | F77: episode | G77: 1800 | H77: 0 | I77: =ROUND(E77*G77*(1+H77),0) -> 1800 | J77: Voice talent fees are in cast section.
C78: 5301 | D78: Score composer / music licenses | E78: 1 | F78: episode | G78: 5000 | H78: 0 | I78: =ROUND(E78*G78*(1+H78),0) -> 5000 | J78: Original score and limited source-music licenses.
C79: 5401 | D79: Color / online / mastering | E79: 1 | F79: episode | G79: 4500 | H79: 0 | I79: =ROUND(E79*G79*(1+H79),0) -> 4500 | J79: Finishing vendor package.
C80: 5501 | D80: VFX / cleanup / restoration | E80: ='Plan and Rates'!I32 -> 15 | F80: shot | G80: ='Plan and Rates'!I33 -> 500 | H80: 0 | I80: =ROUND(E80*G80*(1+H80),0) -> 7500 | J80: Aircraft, water, crowds, city cleanup and photo/film restoration.
C81: 5601 | D81: Licensed archival footage / photos | E81: ='Plan and Rates'!I30 -> 60 | F81: licensed sec. | G81: ='Plan and Rates'!I31 -> 125 | H81: 0 | I81: =ROUND(E81*G81*(1+H81),0) -> 7500 | J81: Paid licensed material; confirmed public-domain substitutes may reduce cost.
C82: 5602 | D82: Archive research / scans / transfers | E82: 1 | F82: episode | G82: 3000 | H82: 0 | I82: =ROUND(E82*G82*(1+H82),0) -> 3000 | J82: Paid research and master preparation even where content is public domain.
C83: 5701 | D83: Captions / QC / DCP / deliverables | E83: 1 | F83: episode | G83: 2500 | H83: 0 | I83: =ROUND(E83*G83*(1+H83),0) -> 2500 | J83: Festival file and exhibition deliverables.
C84: 5801 | D84: Legal / clearances / accounting | E84: 1 | F84: episode | G84: 5500 | H84: 0 | I84: =ROUND(E84*G84*(1+H84),0) -> 5500 | J84: Includes rights/brand review and production accounts; insurance below.
C85: 5901 | D85: Initial artwork / festivals / publicity | E85: 1 | F85: episode | G85: 1500 | H85: 0 | I85: =ROUND(E85*G85*(1+H85),0) -> 1500 | J85: Launch allowance only; full P&A excluded.
D86: Direct production cost | I86: =I10+I11+I12+I13+I14+I16+I17+I18+I19+I20+I21+I22+I24+I25+I26+I27+I28+I29+I30+I31+I32+I33+I34+I35+I36+I37+I38+I39+I40+I41+I42+I43+I44+I45+I46+I47+I48+I49+I50+I52+I53+I54+I55+I56+I57+I58+I59+I60+I61+I62+I64+I65+I66+I67+I68+I69+I70+I71+I72+I74+I75+I76+I77+I78+I79+I80+I81+I82+I83+I84+I85 -> 409270
D87: Insurance allowance | I87: =ROUND(I86*'Plan and Rates'!I24,0) -> 10232 | J87: Direct cost × insurance rate
D88: Production company overhead | I88: =ROUND(I86*'Plan and Rates'!I23,0) -> 14324 | J88: Direct cost × overhead; excludes creative producer fee
D89: Completion bond allowance | I89: =ROUND(I86*'Plan and Rates'!I25,0) -> 0 | J89: Direct cost × bond rate; no bond in lower two plans
D90: Contingency | I90: =ROUND(SUM(I86:I89)*'Plan and Rates'!I22,0) -> 86765 | J90: Direct cost plus insurance, overhead and bond × contingency
D91: EPISODE TOTAL | I91: =SUM(I86:I90) -> 520591 | J91: Gross cash budget before incentives
C95: Ultra-low
C96: Development, producing and directing
C97: 1101 | D97: Writer / literary rights package | E97: 1 | F97: episode | G97: 12000 | H97: 0 | I97: =ROUND(E97*G97*(1+H97),0) -> 12000 | J97: Author fee and rights allowance; no assumed unpaid rewrite.
C98: 1102 | D98: Producer fee | E98: 1 | F98: episode | G98: 15000 | H98: 0 | I98: =ROUND(E98*G98*(1+H98),0) -> 15000 | J98: Creative producer; physical production staff below.
C99: 1103 | D99: Director | E99: 1 | F99: episode | G99: 20000 | H99: ='Plan and Rates'!J20 -> 0.3 | I99: =ROUND(E99*G99*(1+H99),0) -> 26000 | J99: Nonstar episodic director allowance; exact guild deal to quote.
C100: 1104 | D100: Casting and auditions | E100: 1 | F100: episode | G100: 7000 | H100: 0 | I100: =ROUND(E100*G100*(1+H100),0) -> 7000 | J100: Includes supporting-role and background casting.
C101: 1105 | D101: Historical consultant / script research | E101: 1 | F101: episode | G101: 6000 | H101: 0 | I101: =ROUND(E101*G101*(1+H101),0) -> 6000 | J101: Facts, period details and interpretation review; no script edits here.
C102: Cast and supporting performers
C103: 1201 | D103: Principal and day-player fees | E103: ='Plan and Rates'!J10 -> 115 | F103: person-day | G103: ='Plan and Rates'!J16 -> 650 | H103: ='Plan and Rates'!J20 -> 0.3 | I103: =ROUND(E103*G103*(1+H103),0) -> 97175 | J103: Scenario booking estimate; all speaking parts paid.
C104: 1202 | D104: Narrator / additional voice sessions | E104: ='Plan and Rates'!J11 -> 6 | F104: session | G104: ='Plan and Rates'!J17 -> 600 | H104: ='Plan and Rates'!J20 -> 0.3 | I104: =ROUND(E104*G104*(1+H104),0) -> 4680 | J104: Human performers; no synthetic voice assumption.
C105: 1203 | D105: Background performers | E105: ='Plan and Rates'!J12 -> 180 | F105: person-day | G105: ='Plan and Rates'!J18 -> 225 | H105: ='Plan and Rates'!J20 -> 0.3 | I105: =ROUND(E105*G105*(1+H105),0) -> 52650 | J105: Crowd, soldier, school, nightclub and public-scene bookings.
C106: 1204 | D106: Cast rehearsals and fittings | E106: =E103*0.15 -> 17.25 | F106: equiv. day | G106: ='Plan and Rates'!J16 -> 650 | H106: ='Plan and Rates'!J20 -> 0.3 | I106: =ROUND(E106*G106*(1+H106),0) -> 14576 | J106: 15% additional paid time beyond principal shoot bookings.
C107: 1205 | D107: Stunt performers | E107: ='Plan and Rates'!J13 -> 6 | F107: person-day | G107: ='Plan and Rates'!J19 -> 800 | H107: ='Plan and Rates'!J20 -> 0.3 | I107: =ROUND(E107*G107*(1+H107),0) -> 6240 | J107: Physical actions; no unpaid doubling.
...

Sheet E03 Budget
C2: Episode 3: The Frame
C4: USD. Paid line items. Blue numbers are editable. Plan and Rates owns shared drivers. Fringes or sales tax are applied once.
C6: Account | D6: Cost item | E6: Quantity | F6: Unit | G6: Rate | H6: Fringe / tax | I6: Total | J6: Basis
C8: Micro
C9: Development, producing and directing
C10: 1101 | D10: Writer / literary rights package | E10: 1 | F10: episode | G10: 5000 | H10: 0 | I10: =ROUND(E10*G10*(1+H10),0) -> 5000 | J10: Author fee and rights allowance; no assumed unpaid rewrite.
C11: 1102 | D11: Producer fee | E11: 1 | F11: episode | G11: 6000 | H11: 0 | I11: =ROUND(E11*G11*(1+H11),0) -> 6000 | J11: Creative producer; physical production staff below.
C12: 1103 | D12: Director | E12: 1 | F12: episode | G12: 8000 | H12: ='Plan and Rates'!M20 -> 0.25 | I12: =ROUND(E12*G12*(1+H12),0) -> 10000 | J12: Nonstar episodic director allowance; exact guild deal to quote.
C13: 1104 | D13: Casting and auditions | E13: 1 | F13: episode | G13: 3500 | H13: 0 | I13: =ROUND(E13*G13*(1+H13),0) -> 3500 | J13: Includes supporting-role and background casting.
C14: 1105 | D14: Historical consultant / script research | E14: 1 | F14: episode | G14: 3000 | H14: 0 | I14: =ROUND(E14*G14*(1+H14),0) -> 3000 | J14: Facts, period details and interpretation review; no script edits here.
C15: Cast and supporting performers
C16: 1201 | D16: Principal and day-player fees | E16: ='Plan and Rates'!M10 -> 130 | F16: person-day | G16: ='Plan and Rates'!M16 -> 350 | H16: ='Plan and Rates'!M20 -> 0.25 | I16: =ROUND(E16*G16*(1+H16),0) -> 56875 | J16: Scenario booking estimate; all speaking parts paid.
C17: 1202 | D17: Narrator / additional voice sessions | E17: ='Plan and Rates'!M11 -> 7 | F17: session | G17: ='Plan and Rates'!M17 -> 350 | H17: ='Plan and Rates'!M20 -> 0.25 | I17: =ROUND(E17*G17*(1+H17),0) -> 3063 | J17: Human performers; no synthetic voice assumption.
C18: 1203 | D18: Background performers | E18: ='Plan and Rates'!M12 -> 240 | F18: person-day | G18: ='Plan and Rates'!M18 -> 180 | H18: ='Plan and Rates'!M20 -> 0.25 | I18: =ROUND(E18*G18*(1+H18),0) -> 54000 | J18: Crowd, soldier, school, nightclub and public-scene bookings.
C19: 1204 | D19: Cast rehearsals and fittings | E19: =E16*0.15 -> 19.5 | F19: equiv. day | G19: ='Plan and Rates'!M16 -> 350 | H19: ='Plan and Rates'!M20 -> 0.25 | I19: =ROUND(E19*G19*(1+H19),0) -> 8531 | J19: 15% additional paid time beyond principal shoot bookings.
C20: 1205 | D20: Stunt performers | E20: ='Plan and Rates'!M13 -> 8 | F20: person-day | G20: ='Plan and Rates'!M19 -> 500 | H20: ='Plan and Rates'!M20 -> 0.25 | I20: =ROUND(E20*G20*(1+H20),0) -> 5000 | J20: Physical actions; no unpaid doubling.
C21: 1301 | D21: Agency / negotiation allowance | E21: =E16*G16 -> 45500 | F21: cast-base % | G21: 0.1 | H21: 0 | I21: =ROUND(E21*G21*(1+H21),0) -> 4550 | J21: 10% planning allowance on principal base wages only.
C22: 1302 | D22: Contract / residual reserve | E22: =E16*G16 -> 45500 | F22: cast-base % | G22: ='Plan and Rates'!M26 -> 0 | H22: 0 | I22: =ROUND(E22*G22*(1+H22),0) -> 0 | J22: Finite reserve; actual distribution obligations depend on agreement.
C23: Production crew
C24: 2001 | D24: Line producer / UPM | E24: =(SUM('Plan and Rates'!M7,'Plan and Rates'!M8,'Plan and Rates'!M9))*1 -> 30 | F24: person-day | G24: 450 | H24: ='Plan and Rates'!M20 -> 0.25 | I24: =ROUND(E24*G24*(1+H24),0) -> 16875 | J24: 1 person(s); prep, shoot and wrap. 10-hour rate allowance.
C25: 2002 | D25: First assistant director | E25: =('Plan and Rates'!M7+ROUNDUP('Plan and Rates'!M8*0.5,0))*1 -> 23 | F25: person-day | G25: 350 | H25: ='Plan and Rates'!M20 -> 0.25 | I25: =ROUND(E25*G25*(1+H25),0) -> 10063 | J25: 1 person(s); shoot plus half prep, rounded up. 10-hour rate allowance.
C26: 2003 | D26: Second AD / cast coordination | E26: =('Plan and Rates'!M7)*0 -> 0 | F26: person-day | G26: 250 | H26: ='Plan and Rates'!M20 -> 0.25 | I26: =ROUND(E26*G26*(1+H26),0) -> 0 | J26: 0 person(s); shoot days. 10-hour rate allowance.
C27: 2004 | D27: Production coordinator | E27: =(SUM('Plan and Rates'!M7,'Plan and Rates'!M8,'Plan and Rates'!M9))*1 -> 30 | F27: person-day | G27: 275 | H27: ='Plan and Rates'!M20 -> 0.25 | I27: =ROUND(E27*G27*(1+H27),0) -> 10313 | J27: 1 person(s); prep, shoot and wrap. 10-hour rate allowance.
C28: 2005 | D28: Script supervisor | E28: =('Plan and Rates'!M7)*1 -> 18 | F28: person-day | G28: 275 | H28: ='Plan and Rates'!M20 -> 0.25 | I28: =ROUND(E28*G28*(1+H28),0) -> 6188 | J28: 1 person(s); shoot days. 10-hour rate allowance.
C29: 2006 | D29: Director of photography | E29: =('Plan and Rates'!M7+ROUNDUP('Plan and Rates'!M8*0.5,0))*1 -> 23 | F29: person-day | G29: 500 | H29: ='Plan and Rates'!M20 -> 0.25 | I29: =ROUND(E29*G29*(1+H29),0) -> 14375 | J29: 1 person(s); shoot plus half prep, rounded up. 10-hour rate allowance.
C30: 2007 | D30: Camera operator / second unit camera | E30: =('Plan and Rates'!M7)*0 -> 0 | F30: person-day | G30: 350 | H30: ='Plan and Rates'!M20 -> 0.25 | I30: =ROUND(E30*G30*(1+H30),0) -> 0 | J30: 0 person(s); shoot days. 10-hour rate allowance.
C31: 2008 | D31: Camera assistants / DIT | E31: =('Plan and Rates'!M7)*1 -> 18 | F31: person-day | G31: 300 | H31: ='Plan and Rates'!M20 -> 0.25 | I31: =ROUND(E31*G31*(1+H31),0) -> 6750 | J31: 1 person(s); shoot days. 10-hour rate allowance.
C32: 2009 | D32: Gaffer | E32: =('Plan and Rates'!M7)*1 -> 18 | F32: person-day | G32: 350 | H32: ='Plan and Rates'!M20 -> 0.25 | I32: =ROUND(E32*G32*(1+H32),0) -> 7875 | J32: 1 person(s); shoot days. 10-hour rate allowance.
C33: 2010 | D33: Grip / electric crew | E33: =('Plan and Rates'!M7)*1 -> 18 | F33: person-day | G33: 275 | H33: ='Plan and Rates'!M20 -> 0.25 | I33: =ROUND(E33*G33*(1+H33),0) -> 6188 | J33: 1 person(s); shoot days. 10-hour rate allowance.
C34: 2011 | D34: Sound mixer | E34: =('Plan and Rates'!M7)*1 -> 18 | F34: person-day | G34: 375 | H34: ='Plan and Rates'!M20 -> 0.25 | I34: =ROUND(E34*G34*(1+H34),0) -> 8438 | J34: 1 person(s); shoot days. 10-hour rate allowance.
C35: 2012 | D35: Boom / sound utility | E35: =('Plan and Rates'!M7)*0 -> 0 | F35: person-day | G35: 275 | H35: ='Plan and Rates'!M20 -> 0.25 | I35: =ROUND(E35*G35*(1+H35),0) -> 0 | J35: 0 person(s); shoot days. 10-hour rate allowance.
C36: 2013 | D36: Production designer | E36: =(SUM('Plan and Rates'!M7,'Plan and Rates'!M8,'Plan and Rates'!M9))*1 -> 30 | F36: person-day | G36: 350 | H36: ='Plan and Rates'!M20 -> 0.25 | I36: =ROUND(E36*G36*(1+H36),0) -> 13125 | J36: 1 person(s); prep, shoot and wrap. 10-hour rate allowance.
C37: 2014 | D37: Set dressers / prop department | E37: =(SUM('Plan and Rates'!M7,'Plan and Rates'!M8,'Plan and Rates'!M9))*1 -> 30 | F37: person-day | G37: 275 | H37: ='Plan and Rates'!M20 -> 0.25 | I37: =ROUND(E37*G37*(1+H37),0) -> 10313 | J37: 1 person(s); prep, shoot and wrap. 10-hour rate allowance.
C38: 2015 | D38: Costume department | E38: =(SUM('Plan and Rates'!M7,'Plan and Rates'!M8,'Plan and Rates'!M9))*1 -> 30 | F38: person-day | G38: 300 | H38: ='Plan and Rates'!M20 -> 0.25 | I38: =ROUND(E38*G38*(1+H38),0) -> 11250 | J38: 1 person(s); prep, shoot and wrap. 10-hour rate allowance.
C39: 2016 | D39: Hair / makeup team | E39: =('Plan and Rates'!M7+ROUNDUP('Plan and Rates'!M8*0.5,0))*1 -> 23 | F39: person-day | G39: 300 | H39: ='Plan and Rates'!M20 -> 0.25 | I39: =ROUND(E39*G39*(1+H39),0) -> 8625 | J39: 1 person(s); shoot plus half prep, rounded up. 10-hour rate allowance.
C40: 2017 | D40: Locations / permits staff | E40: =(SUM('Plan and Rates'!M7,'Plan and Rates'!M8,'Plan and Rates'!M9))*1 -> 30 | F40: person-day | G40: 300 | H40: ='Plan and Rates'!M20 -> 0.25 | I40: =ROUND(E40*G40*(1+H40),0) -> 11250 | J40: 1 person(s); prep, shoot and wrap. 10-hour rate allowance.
C41: 2018 | D41: Drivers / transport crew | E41: =('Plan and Rates'!M7)*1 -> 18 | F41: person-day | G41: 275 | H41: ='Plan and Rates'!M20 -> 0.25 | I41: =ROUND(E41*G41*(1+H41),0) -> 6188 | J41: 1 person(s); shoot days. 10-hour rate allowance.
C42: 2019 | D42: Production assistants | E42: =('Plan and Rates'!M7+ROUNDUP('Plan and Rates'!M8*0.5,0))*2 -> 46 | F42: person-day | G42: 200 | H42: ='Plan and Rates'!M20 -> 0.25 | I42: =ROUND(E42*G42*(1+H42),0) -> 11500 | J42: 2 person(s); shoot plus half prep, rounded up. 10-hour rate allowance.
C43: 2201 | D43: Set medic | E43: ='Plan and Rates'!M7 -> 18 | F43: day | G43: 350 | H43: ='Plan and Rates'!M20 -> 0.25 | I43: =ROUND(E43*G43*(1+H43),0) -> 7875 | J43: Medic paid every shoot day.
C44: 2202 | D44: Weapons armorer | E44: ='Plan and Rates'!M14 -> 7 | F44: day | G44: 500 | H44: ='Plan and Rates'!M20 -> 0.25 | I44: =ROUND(E44*G44*(1+H44),0) -> 4375 | J44: Inert/replica control and safety; no live ammunition.
C45: 2203 | D45: Stunt / action safety coordination | E45: ='Plan and Rates'!M14 -> 7 | F45: day | G45: 550 | H45: ='Plan and Rates'!M20 -> 0.25 | I45: =ROUND(E45*G45*(1+H45),0) -> 4813 | J45: Marine/vehicle/fire action planning as episode requires.
C46: 2204 | D46: Child-welfare teacher / set tutor | E46: ='Plan and Rates'!M15 -> 4 | F46: day | G46: 350 | H46: ='Plan and Rates'!M20 -> 0.25 | I46: =ROUND(E46*G46*(1+H46),0) -> 1750 | J46: Includes multiple tutors where needed; shorter minor calls.
C47: 2205 | D47: Marine safety / specialist support | E47: 2 | F47: day | G47: 650 | H47: ='Plan and Rates'!M20 -> 0.25 | I47: =ROUND(E47*G47*(1+H47),0) -> 1625 | J47: Yacht and water-side work.
C48: 2206 | D48: Animal handler / trained dog package | E48: 0 | F48: package | G48: 750 | H48: 0 | I48: =ROUND(E48*G48*(1+H48),0) -> 0 | J48: Episode 1 scene 4; specialist and trained animal hire.
C49: 2207 | D49: Intimacy coordination | E49: 0 | F49: day | G49: 600 | H49: ='Plan and Rates'!M20 -> 0.25 | I49: =ROUND(E49*G49*(1+H49),0) -> 0 | J49: Private/adult scenes and nightclub coverage as staged.
C50: 2208 | D50: Specialty performer / adult-scene premiums | E50: 0 | F50: allowance | G50: 500 | H50: ='Plan and Rates'!M20 -> 0.25 | I50: =ROUND(E50*G50*(1+H50),0) -> 0 | J50: Additional performance premiums beyond ordinary cast/background wages.
C51: Equipment, locations, art and props
C52: 3101 | D52: Camera / lenses / support rental | E52: ='Plan and Rates'!M7 -> 18 | F52: day | G52: 450 | H52: ='Plan and Rates'!M21 -> 0.07 | I52: =ROUND(E52*G52*(1+H52),0) -> 8667 | J52: Paid complete package allowance.
C53: 3102 | D53: Lighting / grip rental | E53: ='Plan and Rates'!M7 -> 18 | F53: day | G53: 350 | H53: ='Plan and Rates'!M21 -> 0.07 | I53: =ROUND(E53*G53*(1+H53),0) -> 6741 | J53: Practical period interiors and night work.
C54: 3103 | D54: Sound / communications rental | E54: ='Plan and Rates'!M7 -> 18 | F54: day | G54: 160 | H54: ='Plan and Rates'!M21 -> 0.07 | I54: =ROUND(E54*G54*(1+H54),0) -> 3082 | J54: Mixer package and walkies.
C55: 3104 | D55: Data backup and media | E55: 1 | F55: episode | G55: 1800 | H55: ='Plan and Rates'!M21 -> 0.07 | I55: =ROUND(E55*G55*(1+H55),0) -> 1926 | J55: Production and post copies; media purchases.
C56: 3201 | D56: Location rentals | E56: ='Plan and Rates'!M27 -> 28 | F56: location-day | G56: 400 | H56: ='Plan and Rates'!M21 -> 0.07 | I56: =ROUND(E56*G56*(1+H56),0) -> 11984 | J56: Redressed local buildings; no free property assumption.
C57: 3202 | D57: Permits / traffic control / security | E57: 1 | F57: episode | G57: 12000 | H57: 0 | I57: =ROUND(E57*G57*(1+H57),0) -> 12000 | J57: Motorcade route, crowds, police scenes and public-area control.
C58: 3301 | D58: Allocated reusable series setup | E58: 1 | F58: episode | G58: ='Plan and Rates'!E45*'Plan and Rates'!E49 -> 18900 | H58: 0 | I58: =ROUND(E58*G58*(1+H58),0) -> 18900 | J58: Shared sets/design vendor package allocated once across three episodes.
C59: 3302 | D59: Episode sets / dressing / construction | E59: 1 | F59: episode | G59: 24000 | H59: ='Plan and Rates'!M21 -> 0.07 | I59: =ROUND(E59*G59*(1+H59),0) -> 25680 | J59: Episode-specific furniture, surfaces and construction vendor package; hand props separate.
C60: 3401 | D60: Paid props and practical replicas | E60: 1 | F60: episode | G60: =SUMIFS(Props!L7:L59,Props!C7:C59,3) -> 20120 | H60: ='Plan and Rates'!M21 -> 0.07 | I60: =ROUND(E60*G60*(1+H60),0) -> 21528 | J60: Itemized on Props; includes paid purchase, rental and fabrication.
C61: 3501 | D61: Period costumes / alterations / cleaning | E61: ='Plan and Rates'!M34 -> 120 | F61: outfit | G61: 80 | H61: ='Plan and Rates'!M21 -> 0.07 | I61: =ROUND(E61*G61*(1+H61),0) -> 10272 | J61: Includes supporting/background inventory; recurring prep in shared setup.
C62: 3502 | D62: Wigs / makeup kits / consumables | E62: 1 | F62: episode | G62: 3000 | H62: ='Plan and Rates'!M21 -> 0.07 | I62: =ROUND(E62*G62*(1+H62),0) -> 3210 | J62: JFK/Jackie/Ferrie and period continuity; department labor separate.
C63: Vehicles, travel and scene-specific production
C64: 4101 | D64: Period picture vehicles | E64: ='Plan and Rates'!M28 -> 35 | F64: vehicle-day | G64: 350 | H64: ='Plan and Rates'!M21 -> 0.07 | I64: =ROUND(E64*G64*(1+H64),0) -> 13108 | J64: Period cars/police cars and owner fees; standard transport separately.
C65: 4102 | D65: Production vehicles / fuel / parking | E65: ='Plan and Rates'!M7 -> 18 | F65: day | G65: 350 | H65: ='Plan and Rates'!M21 -> 0.07 | I65: =ROUND(E65*G65*(1+H65),0) -> 6741 | J65: Vans, cargo truck, fuel, mileage and parking.
C66: 4201 | D66: Accommodation | E66: ='Plan and Rates'!M29 -> 80 | F66: room-night | G66: 130 | H66: ='Plan and Rates'!M21 -> 0.07 | I66: =ROUND(E66*G66*(1+H66),0) -> 11128 | J66: Regional crew/traveling cast; no international hotels.
C67: 4202 | D67: Air / rail / ground travel | E67: 1 | F67: episode | G67: 3000 | H67: 0 | I67: =ROUND(E67*G67*(1+H67),0) -> 3000 | J67: Domestic travel allowance; local foreign doubles.
C68: 4203 | D68: Shoot-day catering and craft | E68: ='Plan and Rates'!M7*(17+1+'Plan and Rates'!M35)+'Plan and Rates'!M10+'Plan and Rates'!M12+'Plan and Rates'!M13+'Plan and Rates'!M14*2+'Plan and Rates'!M15+2 -> 794 | F68: person-day | G68: 32 | H68: ='Plan and Rates'!M21 -> 0.07 | I68: =ROUND(E68*G68*(1+H68),0) -> 27187 | J68: Core crew, medic, cast, background, specialists and extra seats.
C69: 4204 | D69: Prep / wrap crew meals | E69: =('Plan and Rates'!M8+'Plan and Rates'!M9)*6 -> 72 | F69: person-day | G69: 25 | H69: ='Plan and Rates'!M21 -> 0.07 | I69: =ROUND(E69*G69*(1+H69),0) -> 1926 | J69: Smaller prep/wrap team meals; excluded from shoot catering.
C70: 4205 | D70: Travel / nonshoot-day per diem | E70: ='Plan and Rates'!M29*0.35 -> 28 | F70: equiv. day | G70: 55 | H70: 0 | I70: =ROUND(E70*G70*(1+H70),0) -> 1540 | J70: 35% of room nights for travel/rest days; shoot meals catered.
C71: 4301 | D71: Yacht / motorcade / APC / impact effects | E71: 1 | F71: sequence package | G71: 30000 | H71: 0 | I71: =ROUND(E71*G71*(1+H71),0) -> 30000 | J71: Vessel segment, tow/process rig, APC substitute and controlled effects.
C72: 4302 | D72: Weather / reshoots / additional unit | E72: 1 | F72: unit-day | G72: 3500 | H72: 0 | I72: =ROUND(E72*G72*(1+H72),0) -> 3500 | J72: Incremental unit package, separate from scheduled principal-unit days.
C73: Post-production, archives and delivery
C74: 5101 | D74: Picture editor | E74: 25 | F74: day | G74: 300 | H74: ='Plan and Rates'!M20 -> 0.25 | I74: =ROUND(E74*G74*(1+H74),0) -> 9375 | J74: Episode edit; no assumed free editor.
C75: 5102 | D75: Assistant editor / conform | E75: 8 | F75: day | G75: 200 | H75: ='Plan and Rates'!M20 -> 0.25 | I75: =ROUND(E75*G75*(1+H75),0) -> 2000 | J75: Media organization and conform.
C76: 5201 | D76: Sound edit / Foley / final mix | E76: 1 | F76: episode | G76: 7000 | H76: 0 | I76: =ROUND(E76*G76*(1+H76),0) -> 7000 | J76: Period ambience, action and dialogue finishing.
C77: 5202 | D77: ADR / studio / narration engineering | E77: 1 | F77: episode | G77: 1800 | H77: 0 | I77: =ROUND(E77*G77*(1+H77),0) -> 1800 | J77: Voice talent fees are in cast section.
C78: 5301 | D78: Score composer / music licenses | E78: 1 | F78: episode | G78: 5000 | H78: 0 | I78: =ROUND(E78*G78*(1+H78),0) -> 5000 | J78: Original score and limited source-music licenses.
C79: 5401 | D79: Color / online / mastering | E79: 1 | F79: episode | G79: 4500 | H79: 0 | I79: =ROUND(E79*G79*(1+H79),0) -> 4500 | J79: Finishing vendor package.
C80: 5501 | D80: VFX / cleanup / restoration | E80: ='Plan and Rates'!M32 -> 32 | F80: shot | G80: ='Plan and Rates'!M33 -> 500 | H80: 0 | I80: =ROUND(E80*G80*(1+H80),0) -> 16000 | J80: Aircraft, water, crowds, city cleanup and photo/film restoration.
C81: 5601 | D81: Licensed archival footage / photos | E81: ='Plan and Rates'!M30 -> 120 | F81: licensed sec. | G81: ='Plan and Rates'!M31 -> 250 | H81: 0 | I81: =ROUND(E81*G81*(1+H81),0) -> 30000 | J81: Premium Zapruder/Nix/news/photo allowance; actual rights package to quote.
C82: 5602 | D82: Archive research / scans / transfers | E82: 1 | F82: episode | G82: 3000 | H82: 0 | I82: =ROUND(E82*G82*(1+H82),0) -> 3000 | J82: Paid research and master preparation even where content is public domain.
C83: 5701 | D83: Captions / QC / DCP / deliverables | E83: 1 | F83: episode | G83: 2500 | H83: 0 | I83: =ROUND(E83*G83*(1+H83),0) -> 2500 | J83: Festival file and exhibition deliverables.
C84: 5801 | D84: Legal / clearances / accounting | E84: 1 | F84: episode | G84: 5500 | H84: 0 | I84: =ROUND(E84*G84*(1+H84),0) -> 5500 | J84: Includes rights/brand review and production accounts; insurance below.
C85: 5901 | D85: Initial artwork / festivals / publicity | E85: 1 | F85: episode | G85: 1500 | H85: 0 | I85: =ROUND(E85*G85*(1+H85),0) -> 1500 | J85: Launch allowance only; full P&A excluded.
D86: Direct production cost | I86: =I10+I11+I12+I13+I14+I16+I17+I18+I19+I20+I21+I22+I24+I25+I26+I27+I28+I29+I30+I31+I32+I33+I34+I35+I36+I37+I38+I39+I40+I41+I42+I43+I44+I45+I46+I47+I48+I49+I50+I52+I53+I54+I55+I56+I57+I58+I59+I60+I61+I62+I64+I65+I66+I67+I68+I69+I70+I71+I72+I74+I75+I76+I77+I78+I79+I80+I81+I82+I83+I84+I85 -> 649568
D87: Insurance allowance | I87: =ROUND(I86*'Plan and Rates'!M24,0) -> 16239 | J87: Direct cost × insurance rate
D88: Production company overhead | I88: =ROUND(I86*'Plan and Rates'!M23,0) -> 22735 | J88: Direct cost × overhead; excludes creative producer fee
D89: Completion bond allowance | I89: =ROUND(I86*'Plan and Rates'!M25,0) -> 0 | J89: Direct cost × bond rate; no bond in lower two plans
D90: Contingency | I90: =ROUND(SUM(I86:I89)*'Plan and Rates'!M22,0) -> 137708 | J90: Direct cost plus insurance, overhead and bond × contingency
D91: EPISODE TOTAL | I91: =SUM(I86:I90) -> 826250 | J91: Gross cash budget before incentives
C95: Ultra-low
C96: Development, producing and directing
C97: 1101 | D97: Writer / literary rights package | E97: 1 | F97: episode | G97: 12000 | H97: 0 | I97: =ROUND(E97*G97*(1+H97),0) -> 12000 | J97: Author fee and rights allowance; no assumed unpaid rewrite.
C98: 1102 | D98: Producer fee | E98: 1 | F98: episode | G98: 15000 | H98: 0 | I98: =ROUND(E98*G98*(1+H98),0) -> 15000 | J98: Creative producer; physical production staff below.
C99: 1103 | D99: Director | E99: 1 | F99: episode | G99: 20000 | H99: ='Plan and Rates'!N20 -> 0.3 | I99: =ROUND(E99*G99*(1+H99),0) -> 26000 | J99: Nonstar episodic director allowance; exact guild deal to quote.
C100: 1104 | D100: Casting and auditions | E100: 1 | F100: episode | G100: 7000 | H100: 0 | I100: =ROUND(E100*G100*(1+H100),0) -> 7000 | J100: Includes supporting-role and background casting.
C101: 1105 | D101: Historical consultant / script research | E101: 1 | F101: episode | G101: 6000 | H101: 0 | I101: =ROUND(E101*G101*(1+H101),0) -> 6000 | J101: Facts, period details and interpretation review; no script edits here.
C102: Cast and supporting performers
C103: 1201 | D103: Principal and day-player fees | E103: ='Plan and Rates'!N10 -> 165 | F103: person-day | G103: ='Plan and Rates'!N16 -> 650 | H103: ='Plan and Rates'!N20 -> 0.3 | I103: =ROUND(E103*G103*(1+H103),0) -> 139425 | J103: Scenario booking estimate; all speaking parts paid.
C104: 1202 | D104: Narrator / additional voice sessions | E104: ='Plan and Rates'!N11 -> 9 | F104: session | G104: ='Plan and Rates'!N17 -> 600 | H104: ='Plan and Rates'!N20 -> 0.3 | I104: =ROUND(E104*G104*(1+H104),0) -> 7020 | J104: Human performers; no synthetic voice assumption.
C105: 1203 | D105: Background performers | E105: ='Plan and Rates'!N12 -> 450 | F105: person-day | G105: ='Plan and Rates'!N18 -> 225 | H105: ='Plan and Rates'!N20 -> 0.3 | I105: =ROUND(E105*G105*(1+H105),0) -> 131625 | J105: Crowd, soldier, school, nightclub and public-scene bookings.
C106: 1204 | D106: Cast rehearsals and fittings | E106: =E103*0.15 -> 24.75 | F106: equiv. day | G106: ='Plan and Rates'!N16 -> 650 | H106: ='Plan and Rates'!N20 -> 0.3 | I106: =ROUND(E106*G106*(1+H106),0) -> 20914 | J106: 15% additional paid time beyond principal shoot bookings.
C107: 1205 | D107: Stunt performers | E107: ='Plan and Rates'!N13 -> 14 | F107: person-day | G107: ='Plan and Rates'!N19 -> 800 | H107: ='Plan and Rates'!N20 -> 0.3 | I107: =ROUND(E107*G107*(1+H107),0) -> 14560 | J107: Physical actions; no unpaid doubling.
...

Sheet Props
C2: Paid props and practical replicas
C4: Each row is a paid purchase, rental or fabrication allowance. Labor, set furniture, vehicles and sales tax are budgeted separately.
C6: Ep | D6: Scene refs | E6: Item | F6: Qty | G6: Unit | H6: Micro rate | I6: Ultra-low rate | J6: Low rate | K6: Production company rate | L6: Micro cost | M6: Ultra-low cost | N6: Low cost | O6: Production company cost | P6: Basis
C7: 1 | D7: 3–7 | E7: Candy jars, wrappers and display stock | F7: 1 | G7: lot | H7: 500 | I7: 900 | J7: 1500 | K7: 2500 | L7: =F7*H7 -> 500 | M7: =F7*I7 -> 900 | N7: =F7*J7 -> 1500 | O7: =F7*K7 -> 2500 | P7: Buy / fabricate; consumable replacements
C8: 1 | D8: 3–7 | E8: Coca-Cola bottles and breakaway-safe doubles | F8: 12 | G8: bottles | H8: 18 | I8: 25 | J8: 40 | K8: 65 | L8: =F8*H8 -> 216 | M8: =F8*I8 -> 300 | N8: =F8*J8 -> 480 | O8: =F8*K8 -> 780 | P8: Buy / dress
C9: 1 | D9: 8–15 | E9: Liquor bottles, crates and period labels | F9: 12 | G9: crates | H9: 90 | I9: 150 | J9: 250 | K9: 450 | L9: =F9*H9 -> 1080 | M9: =F9*I9 -> 1800 | N9: =F9*J9 -> 3000 | O9: =F9*K9 -> 5400 | P9: Fabricate; water-filled bottles
C10: 1 | D10: 8–15 | E10: Binoculars, opium-pipe replicas and stage cash | F10: 1 | G10: kit | H10: 650 | I10: 1000 | J10: 1800 | K10: 3500 | L10: =F10*H10 -> 650 | M10: =F10*I10 -> 1000 | N10: =F10*J10 -> 1800 | O10: =F10*K10 -> 3500 | P10: Buy / rent; no controlled substances
C11: 1 | D11: 16 | E11: Snow shovels and pay envelopes | F11: 20 | G11: sets | H11: 25 | I11: 35 | J11: 55 | K11: 90 | L11: =F11*H11 -> 500 | M11: =F11*I11 -> 700 | N11: =F11*J11 -> 1100 | O11: =F11*K11 -> 1800 | P11: Buy / fabricate
C12: 1 | D12: 17–26 | E12: Navy life-vest costume shells | F12: 12 | G12: vests | H12: 45 | I12: 75 | J12: 120 | K12: 200 | L12: =F12*H12 -> 540 | M12: =F12*I12 -> 900 | N12: =F12*J12 -> 1440 | O12: =F12*K12 -> 2400 | P12: Rent; certified flotation is marine-unit cost
C13: 1 | D13: 17–26 | E13: PT-109 helm, radio and instrument dressing | F13: 1 | G13: kit | H13: 1800 | I13: 3500 | J13: 7000 | K13: 14000 | L13: =F13*H13 -> 1800 | M13: =F13*I13 -> 3500 | N13: =F13*J13 -> 7000 | O13: =F13*K13 -> 14000 | P13: Rent / fabricate; hull under sequence cost
C14: 1 | D14: 25 | E14: Message coconut and carving doubles | F14: 6 | G14: doubles | H14: 30 | I14: 50 | J14: 80 | K14: 140 | L14: =F14*H14 -> 180 | M14: =F14*I14 -> 300 | N14: =F14*J14 -> 480 | O14: =F14*K14 -> 840 | P14: Fabricate resets
C15: 1 | D15: 28–121 | E15: Period telephones and desk accessories | F15: 8 | G15: sets | H15: 85 | I15: 140 | J15: 240 | K15: 450 | L15: =F15*H15 -> 680 | M15: =F15*I15 -> 1120 | N15: =F15*J15 -> 1920 | O15: =F15*K15 -> 3600 | P15: Episode rental allocation
C16: 1 | D16: 24–121 | E16: Period newspapers, telegrams and files | F16: 1 | G16: print lot | H16: 1400 | I16: 2600 | J16: 4500 | K16: 8500 | L16: =F16*H16 -> 1400 | M16: =F16*I16 -> 2600 | N16: =F16*J16 -> 4500 | O16: =F16*K16 -> 8500 | P16: Paid graphics and printing
C17: 1 | D17: 31–58 | E17: Ballots, tally boards and campaign signs | F17: 1 | G17: kit | H17: 1200 | I17: 2400 | J17: 4500 | K17: 8500 | L17: =F17*H17 -> 1200 | M17: =F17*I17 -> 2400 | N17: =F17*J17 -> 4500 | O17: =F17*K17 -> 8500 | P17: Fabricate / print
C18: 1 | D18: 35–45 | E18: Schoolbooks, enrollment papers and flags | F18: 1 | G18: kit | H18: 800 | I18: 1400 | J18: 2600 | K18: 4500 | L18: =F18*H18 -> 800 | M18: =F18*I18 -> 1400 | N18: =F18*J18 -> 2600 | O18: =F18*K18 -> 4500 | P18: Rent / buy / print
... C59: 3 | D59: 80–139 | E59: Narrator evidence updates and final documents | F59: 1 | G59: print lot | H59: 900 | I59: 1600 | J59: 3000 | K59: 5500 | L59: =F59*H59 -> 900 | M59: =F59*I59 -> 1600 | N59: =F59*J59 -> 3000 | O59: =F59*K59 -> 5500 | P59: Incremental episode allocation

Sheet Script Breakdown
C2: Script production breakdown
C4: Scene ordinals locate source text. Keyword tags suggest items to review; they are not confirmed unit calls or a shooting schedule.
C6: Episode | D6: Scene | E6: Source heading | F6: INT / EXT | G6: Day / night | H6: Word count | I6: Potential requirements | J6: Source
C7: 1 | D7: 1 | E7: INT. TEXAS SCHOOL BOOK DEPOSITORY - FIFTH FLOOR - DAY | F7: INT | G7: Day | H7: 275 | I7: Weapons, Crowd, Water, Fire / effects | J7: JFKFYIE01(2).fdx
C8: 1 | D8: 2 | E8: INT. NARRATOR'S STUDY - PRESENT DAY - NIGHT | F8: INT | G8: Night | H8: 278 | J8: JFKFYIE01(2).fdx
C9: 1 | D9: 3 | E9: INT. CORNER GROCERY - LITTLE ITALY, NEW ORLEANS - DAY | F9: INT | G9: Day | H9: 387 | I9: Fire / effects | J9: JFKFYIE01(2).fdx
C10: 1 | D10: 4 | E10: EXT. ST. LOUIS STREET - CONTINUOUS | F10: EXT | G10: Continued | H10: 60 | J10: JFKFYIE01(2).fdx
C11: 1 | D11: 5 | E11: INT. CORNER GROCERY - DAY | F11: INT | G11: Day | H11: 142 | J11: JFKFYIE01(2).fdx
C12: 1 | D12: 6 | E12: INT. CORNER GROCERY - DAY | F12: INT | G12: Day | H12: 71 | I12: Minors | J12: JFKFYIE01(2).fdx
C13: 1 | D13: 7 | E13: EXT. RIVERBANK - MAGNOLIA TREE - DAY | F13: EXT | G13: Day | H13: 234 | I13: Water | J13: JFKFYIE01(2).fdx
C14: 1 | D14: 8 | E14: INT. WAREHOUSE OFFICE - LAKE ERIE - NIGHT | F14: INT | G14: Night | H14: 110 | I14: Water | J14: JFKFYIE01(2).fdx
C15: 1 | D15: 9 | E15: EXT. LAKE ERIE - NIGHT - KENNEDY'S POV THROUGH BINOCULARS | F15: EXT | G15: Night | H15: 117 | I15: Water, Fire / effects, Minors | J15: JFKFYIE01(2).fdx
C16: 1 | D16: 10 | E16: INT. WAREHOUSE OFFICE - NIGHT | F16: INT | G16: Night | H16: 18 | J16: JFKFYIE01(2).fdx
C17: 1 | D17: 11 | E17: EXT. LAKESHORE ROAD - NIGHT - KENNEDY'S POV | F17: EXT | G17: Night | H17: 84 | I17: Vehicles | J17: JFKFYIE01(2).fdx
C18: 1 | D18: 12 | E18: INT. WAREHOUSE OFFICE - NIGHT | F18: INT | G18: Night | H18: 31 | J18: JFKFYIE01(2).fdx
C19: 1 | D19: 13 | E19: INT. SUBURBAN SPEAKEASY - CLEVELAND - NIGHT | F19: INT | G19: Night | H19: 71 | I19: Fire / effects, Vehicles | J19: JFKFYIE01(2).fdx
C20: 1 | D20: 14 | E20: INT. LAKESIDE RESTAURANT - BALCONY - MORNING | F20: INT | G20: Continued | H20: 52 | J20: JFKFYIE01(2).fdx
C21: 1 | D21: 15 | E21: EXT. RESTAURANT - DAY | F21: EXT | G21: Day | H21: 83 | I21: Vehicles | J21: JFKFYIE01(2).fdx
C22: 1 | D22: 16 | E22: EXT. KENNEDY ESTATE - BOSTON AREA - DAY | F22: EXT | G22: Day | H22: 148 | J22: JFKFYIE01(2).fdx
C23: 1 | D23: 17 | E23: EXT. BLACKETT STRAIT - SOLOMON ISLANDS - NIGHT | F23: EXT | G23: Night | H23: 141 | I23: Water, Fire / effects | J23: JFKFYIE01(2).fdx
C24: 1 | D24: 18 | E24: EXT. BLACKETT STRAIT - CONTINUOUS | F24: EXT | G24: Continued | H24: 51 | I24: Water, Fire / effects | J24: JFKFYIE01(2).fdx
C25: 1 | D25: 19 | E25: EXT. WRECKAGE OF PT-109 - DAWN | F25: EXT | G25: Dawn | H25: 78 | J25: JFKFYIE01(2).fdx
C26: 1 | D26: 20 | E26: EXT. BLACKETT STRAIT - OPEN WATER - DAY | F26: EXT | G26: Day | H26: 45 | I26: Water | J26: JFKFYIE01(2).fdx
C27: 1 | D27: 21 | E27: EXT. PLUM PUDDING ISLAND - DAY | F27: EXT | G27: Day | H27: 32 | I27: Water | J27: JFKFYIE01(2).fdx
C28: 1 | D28: 22 | E28: EXT. FERGUSON PASSAGE - NIGHT | F28: EXT | G28: Night | H28: 54 | I28: Water | J28: JFKFYIE01(2).fdx
C29: 1 | D29: 23 | E29: EXT. PLUM PUDDING ISLAND - DAWN | F29: EXT | G29: Dawn | H29: 46 | J29: JFKFYIE01(2).fdx
C30: 1 | D30: 24 | E30: EXT. BOSTON NEWSSTAND - DAY | F30: EXT | G30: Day | H30: 36 | J30: JFKFYIE01(2).fdx
C31: 1 | D31: 25 | E31: EXT. SOLOMON ISLANDS - DAY | F31: EXT | G31: Day | H31: 54 | I31: Water | J31: JFKFYIE01(2).fdx
C32: 1 | D32: 26 | E32: EXT. NAVAL BASE - RENDOVA - DAY | F32: EXT | G32: Day | H32: 71 | I32: Crowd, Water | J32: JFKFYIE01(2).fdx
C33: 1 | D33: 27 | E33: INT. KENNEDY HOME - STUDY - NIGHT | F33: INT | G33: Night | H33: 149 | J33: JFKFYIE01(2).fdx
C34: 1 | D34: 28 | E34: INT. WHITE HOUSE - WAITING ROOM - DAY | F34: INT | G34: Day | H34: 68 | I34: Fire / effects | J34: JFKFYIE01(2).fdx
C35: 1 | D35: 29 | E35: INT. OVAL OFFICE - CONTINUOUS | F35: INT | G35: Continued | H35: 75 | J35: JFKFYIE01(2).fdx
C36: 1 | D36: 30 | E36: INT. OVAL OFFICE - DAY | F36: INT | G36: Day | H36: 68 | J36: JFKFYIE01(2).fdx
C37: 1 | D37: 31 | E37: INT. CONVENTION HALL - CHICAGO - NIGHT | F37: INT | G37: Night | H37: 38 | J37: JFKFYIE01(2).fdx
C38: 1 | D38: 32 | E38: INT. NEWPORT HOSPITAL - NURSERY - NIGHT | F38: INT | G38: Night | H38: 41 | I38: Minors | J38: JFKFYIE01(2).fdx
C39: 1 | D39: 33 | E39: INT. MAYFLOWER HOTEL - SUITE - WASHINGTON - NIGHT | F39: INT | G39: Night | H39: 113 | J39: JFKFYIE01(2).fdx
C40: 1 | D40: 34 | E40: INT. WHITE HOUSE - SITTING ROOM - NIGHT | F40: INT | G40: Night | H40: 335 | I40: Crowd | J40: JFKFYIE01(2).fdx
C41: 1 | D41: 35 | E41: INT. GETTYSBURG ELEMENTARY SCHOOL - CLASSROOM - DAY | F41: INT | G41: Day | H41: 65 | J41: JFKFYIE01(2).fdx
C42: 1 | D42: 36 | E42: EXT. GETTYSBURG - RAILROAD TRACKS - DAY | F42: EXT | G42: Day | H42: 29 | J42: JFKFYIE01(2).fdx
C43: 1 | D43: 37 | E43: INT. OLD SCHOOLHOUSE - CLASSROOM - DAY | F43: INT | G43: Day | H43: 36 | I43: Crowd, Minors | J43: JFKFYIE01(2).fdx
C44: 1 | D44: 38 | E44: INT. OLD SCHOOLHOUSE - HALLWAY - CONTINUOUS | F44: INT | G44: Continued | H44: 212 | I44: Minors | J44: JFKFYIE01(2).fdx
C45: 1 | D45: 39 | E45: INT. GETTYSBURG ELEMENTARY SCHOOL - CLASSROOM - DAY | F45: INT | G45: Day | H45: 30 | I45: Minors | J45: JFKFYIE01(2).fdx
C46: 1 | D46: 40 | E46: EXT. OLD SCHOOLHOUSE - DUSK | F46: EXT | G46: Continued | H46: 54 | I46: Minors | J46: JFKFYIE01(2).fdx
C47: 1 | D47: 41 | E47: INT. NAACP OFFICE - LITTLE ROCK - DAY | F47: INT | G47: Day | H47: 147 | J47: JFKFYIE01(2).fdx
C48: 1 | D48: 42 | E48: INT. GOVERNOR'S MANSION - BREAKFAST ROOM - MORNING | F48: INT | G48: Continued | H48: 95 | J48: JFKFYIE01(2).fdx
C49: 1 | D49: 43 | E49: INT. GOVERNOR'S MANSION - BREAKFAST ROOM - LATER | F49: INT | G49: Continued | H49: 23 | J49: JFKFYIE01(2).fdx
C50: 1 | D50: 44 | E50: EXT. LITTLE ROCK CENTRAL HIGH SCHOOL - DAY | F50: EXT | G50: Day | H50: 59 | I50: Weapons | J50: JFKFYIE01(2).fdx
C51: 1 | D51: 45 | E51: INT. NEWPORT NAVAL STATION - OFFICE - DAY | F51: INT | G51: Day | H51: 58 | J51: JFKFYIE01(2).fdx
C52: 1 | D52: 46 | E52: INT. GOVERNOR'S PLANE - NIGHT | F52: INT | G52: Night | H52: 74 | I52: Aircraft | J52: JFKFYIE01(2).fdx
C53: 1 | D53: 47 | E53: EXT. LITTLE ROCK CENTRAL HIGH SCHOOL - DAY | F53: EXT | G53: Day | H53: 23 | J53: JFKFYIE01(2).fdx
C54: 1 | D54: 48 | E54: EXT. LITTLE ROCK CENTRAL HIGH SCHOOL - DAY | F54: EXT | G54: Day | H54: 121 | I54: Crowd, Aircraft | J54: JFKFYIE01(2).fdx
C55: 1 | D55: 49 | E55: EXT. NAVAL AIR FACILITY ATSUGI - JAPAN - NIGHT | F55: EXT | G55: Night | H55: 149 | I55: Aircraft | J55: JFKFYIE01(2).fdx
C56: 1 | D56: 50 | E56: INT. SENATE COMMITTEE ROOM - DAY | F56: INT | G56: Day | H56: 129 | J56: JFKFYIE01(2).fdx
C57: 1 | D57: 51 | E57: INT. SENATE CORRIDOR - LATER | F57: INT | G57: Continued | H57: 61 | J57: JFKFYIE01(2).fdx
C58: 1 | D58: 52 | E58: INT. SENATE COMMITTEE ROOM - CONTINUOUS | F58: INT | G58: Continued | H58: 62 | J58: JFKFYIE01(2).fdx
C59: 1 | D59: 53 | E59: INT. OVAL OFFICE - DAY | F59: INT | G59: Day | H59: 167 | J59: JFKFYIE01(2).fdx
C60: 1 | D60: 54 | E60: INT. OVAL OFFICE - DAY | F60: INT | G60: Day | H60: 45 | J60: JFKFYIE01(2).fdx
C61: 1 | D61: 55 | E61: INT. CHICAGO BACK ROOM - NIGHT | F61: INT | G61: Night | H61: 66 | J61: JFKFYIE01(2).fdx
C62: 1 | D62: 56 | E62: INT. AMERICAN EMBASSY - MOSCOW - CONSULAR OFFICE - DAY | F62: INT | G62: Day | H62: 131 | J62: JFKFYIE01(2).fdx
C63: 1 | D63: 57 | E63: INT. CIA - MAIL INTERCEPT ROOM - NEW YORK - NIGHT | F63: INT | G63: Night | H63: 141 | J63: JFKFYIE01(2).fdx
C64: 1 | D64: 58 | E64: INT. WBBM TELEVISION STUDIO - CHICAGO - NIGHT | F64: INT | G64: Night | H64: 78 | I64: Fire / effects | J64: JFKFYIE01(2).fdx
C65: 1 | D65: 59 | E65: INT. WBBM STUDIO - GREEN ROOM - EARLIER | F65: INT | G65: Continued | H65: 38 | J65: JFKFYIE01(2).fdx
C66: 1 | D66: 60 | E66: INT. FARMHOUSE KITCHEN - IOWA - NIGHT | F66: INT | G66: Night | H66: 45 | J66: JFKFYIE01(2).fdx
C67: 1 | D67: 61 | E67: INT. WBBM STUDIO - CONTROL ROOM - NIGHT | F67: INT | G67: Night | H67: 75 | J67: JFKFYIE01(2).fdx
C68: 1 | D68: 62 | E68: INT. WBBM STUDIO - HALLWAY - NIGHT | F68: INT | G68: Night | H68: 94 | J68: JFKFYIE01(2).fdx
C69: 1 | D69: 63 | E69: EXT. CHICAGO ALLEY - DAY | F69: EXT | G69: Day | H69: 75 | I69: Vehicles | J69: JFKFYIE01(2).fdx
C70: 1 | D70: 64 | E70: INT. CHICAGO NIGHTCLUB - CONTINUOUS | F70: INT | G70: Night | H70: 413 | I70: Weapons | J70: JFKFYIE01(2).fdx
C71: 1 | D71: 65 | E71: EXT. CHICAGO ALLEY - CONTINUOUS | F71: EXT | G71: Continued | H71: 13 | I71: Vehicles | J71: JFKFYIE01(2).fdx
C72: 1 | D72: 66 | E72: EXT. PARKING LOT - AUSTIN, TEXAS - DAY | F72: EXT | G72: Day | H72: 98 | I72: Vehicles | J72: JFKFYIE01(2).fdx
C73: 1 | D73: 67 | E73: INT. ELDORADO - MOVING - DAY | F73: INT | G73: Day | H73: 32 | J73: JFKFYIE01(2).fdx
C74: 1 | D74: 68 | E74: EXT. BALLOT COUNTING HEADQUARTERS - AUSTIN - DAY | F74: EXT | G74: Day | H74: 45 | J74: JFKFYIE01(2).fdx
C75: 1 | D75: 69 | E75: INT. FRENCH QUARTER STRIP CLUB - NEW ORLEANS - DAY | F75: INT | G75: Day | H75: 96 | J75: JFKFYIE01(2).fdx
C76: 1 | D76: 70 | E76: INT. AMBASSADOR HOTEL - NIXON'S SUITE - LOS ANGELES - NIGHT | F76: INT | G76: Night | H76: 108 | J76: JFKFYIE01(2).fdx
C77: 1 | D77: 71 | E77: INT. OVAL OFFICE - DAY | F77: INT | G77: Day | H77: 118 | J77: JFKFYIE01(2).fdx
C78: 1 | D78: 72 | E78: INT. NARRATOR'S STUDY - PRESENT DAY - NIGHT | F78: INT | G78: Night | H78: 63 | J78: JFKFYIE01(2).fdx
C79: 1 | D79: 73 | E79: INT. OVAL OFFICE - DAY | F79: INT | G79: Day | H79: 85 | J79: JFKFYIE01(2).fdx
C80: 1 | D80: 74 | E80: INT. WHITE HOUSE - SECRETARY'S OFFICE - DAY | F80: INT | G80: Day | H80: 50 | J80: JFKFYIE01(2).fdx
C81: 1 | D81: 75 | E81: INT. MARGUERITE OSWALD'S HOUSE - FORT WORTH - DAY | F81: INT | G81: Day | H81: 117 | J81: JFKFYIE01(2).fdx
C82: 1 | D82: 76 | E82: INT. EASTERN AIR LINES - CHAIRMAN'S OFFICE - MIAMI - DAY | F82: INT | G82: Day | H82: 75 | J82: JFKFYIE01(2).fdx
C83: 1 | D83: 77 | E83: INT. EASTERN AIR LINES - CHAIRMAN'S OFFICE - LATER | F83: INT | G83: Continued | H83: 68 | J83: JFKFYIE01(2).fdx
C84: 1 | D84: 78 | E84: EXT. CIA AIRSTRIP - NEAR PUERTO CABEZAS, NICARAGUA - DAY | F84: EXT | G84: Day | H84: 136 | I84: Aircraft | J84: JFKFYIE01(2).fdx
C85: 1 | D85: 79 | E85: EXT. CIA AIRSTRIP - LATER | F85: EXT | G85: Continued | H85: 158 | I85: Aircraft | J85: JFKFYIE01(2).fdx
C86: 1 | D86: 80 | E86: INT. NEWBIE'S TENT - NIGHT | F86: INT | G86: Night | H86: 13 | J86: JFKFYIE01(2).fdx
C87: 1 | D87: 81 | E87: EXT. CIA CAMP - MORNING | F87: EXT | G87: Continued | H87: 87 | J87: JFKFYIE01(2).fdx
C88: 1 | D88: 82 | E88: INT. CIA HEADQUARTERS - DULLES'S OFFICE - DAY | F88: INT | G88: Day | H88: 67 | J88: JFKFYIE01(2).fdx
C89: 1 | D89: 83 | E89: EXT. COAST NEAR GUANTANAMO BAY - NIGHT | F89: EXT | G89: Night | H89: 134 | I89: Weapons | J89: JFKFYIE01(2).fdx
C90: 1 | D90: 84 | E90: INT. CUBAN HOUSING PROJECT - MIAMI BEACH - DAY | F90: INT | G90: Day | H90: 42 | I90: Water | J90: JFKFYIE01(2).fdx
C91: 1 | D91: 85 | E91: INT. CUBAN HOUSING PROJECT - DAY | F91: INT | G91: Day | H91: 45 | J91: JFKFYIE01(2).fdx
C92: 1 | D92: 86 | E92: INT. MIAMI AIRPORT DINER - DAY | F92: INT | G92: Day | H92: 49 | J92: JFKFYIE01(2).fdx
C93: 1 | D93: 87 | E93: EXT. KEY LARGO BEACH - DAY | F93: EXT | G93: Day | H93: 162 | I93: Weapons, Crowd, Water | J93: JFKFYIE01(2).fdx
C94: 1 | D94: 88 | E94: INT. HAVANA HOTEL ROOM - DAY | F94: INT | G94: Day | H94: 147 | J94: JFKFYIE01(2).fdx
C95: 1 | D95: 89 | E95: INT. HAVANA HOTEL CASINO - NIGHT | F95: INT | G95: Night | H95: 25 | J95: JFKFYIE01(2).fdx
C96: 1 | D96: 90 | E96: INT. HAVANA HOTEL - ROOFTOP RESTAURANT - NIGHT | F96: INT | G96: Night | H96: 38 | I96: Crowd, Fire / effects | J96: JFKFYIE01(2).fdx
C97: 1 | D97: 91 | E97: INT. HOTEL KITCHEN - CONTINUOUS | F97: INT | G97: Continued | H97: 74 | J97: JFKFYIE01(2).fdx
C98: 1 | D98: 92 | E98: EXT. HAVANA HOTEL - NIGHT | F98: EXT | G98: Night | H98: 48 | J98: JFKFYIE01(2).fdx
C99: 1 | D99: 93 | E99: EXT. SUGARCANE FIELD - CUBA - DAY | F99: EXT | G99: Day | H99: 57 | I99: Fire / effects, Minors | J99: JFKFYIE01(2).fdx
C100: 1 | D100: 94 | E100: EXT. SUGARCANE FIELD - LATER | F100: EXT | G100: Continued | H100: 32 | I100: Fire / effects | J100: JFKFYIE01(2).fdx
C101: 1 | D101: 95 | E101: INT. IMMIGRATION SERVICES OFFICE - NEW ORLEANS - DAY | F101: INT | G101: Day | H101: 74 | J101: JFKFYIE01(2).fdx
C102: 1 | D102: 96 | E102: EXT. AIRFIELD - CONTINUOUS | F102: EXT | G102: Continued | H102: 20 | I102: Aircraft | J102: JFKFYIE01(2).fdx
C103: 1 | D103: 97 | E103: INT. GOVERNMENT PLANE - LATER | F103: INT | G103: Continued | H103: 12 | I103: Aircraft | J103: JFKFYIE01(2).fdx
...
